Workbook
Name ANNEE: DATA!$G$2:$G$11
Name DEPENSES: DATA!$I$2:$I$5
Name N°CAPEX: DATA!$D$2:$D$32
Name N°PROJET: DATA!$B$2:$B$32
Name sTATUT: DATA!$H$2:$H$4
Name Statuut: DATA!$F$2:$F$6

Sheet DATA
B1: N°PROJET | C1: DESIGNATION PROJET | D1: N° CAPEX | F1: STATUT | G1: ANNEE | H1: OUVERTURE | I1: DEPENSES
B2: 2021-FBL-A-71 | C2: Projet 1 | D2: INZ-0645-2-2018-A | F2: DA A FAIRE | G2: 2022 | H2: OUI | I2: CAPEX
B3: 2022-FBL-A-44 | C3: Projet 2 | D3: INZ-0645-2-2018-A | F3: DA EN COURS | G3: 2023 | H3: NON | I3: OPEX
B4: 2021-FBL-D-72 | C4: Projet 3 | D4: INZ-0645-2-2018-A | F4: Cmde OK | G4: 2024 | H4: EN COURS | I4: PINV
B5: 2022-FBL-A-38 | C5: Projet 4 | D5: INZ-0645-2-2018-A | F5: EM OK | G5: 2025 | I5: HSSE
B6: 2022-VVI-B-88 | C6: Projet 5 | D6: INZ-0645-2-2018-A | G6: 2026
B7: 2021-FBL-B-60 | C7: Projet 6 | D7: INZ-1489-2-2022-A | G7: 2027
B8: 2021-FBL-C-62 | C8: Projet 7 | D8: INZ-1725-2-2022-A | G8: 2028
B9: 2022-FBL-B-53 | C9: Projet 8 | D9: INZ-1676-2-2022 | G9: 2029
B10: 2022-VVI-B-89 | C10: Projet 9 | D10: INZ-2039-2-2023 | G10: 2030
B11: 2022-VVI-C-129 | C11: Projet 10 | D11: INZ-2039-2-2023 | G11: 2031
C12: Projet 11 | D12: INZ-2039-2-2023
C13: Projet 12 | D13: INZ-2039-2-2023
B14: 2022-FBL-B-48 | C14: Projet 13 | D14: INZ-2039-2-2023
C15: Projet 14 | D15: INZ-2039-2-2023
C16: Projet 15 | D16: INZ-2039-2-2023
B17: 2022-FBL-A-38 | C17: Projet 16 | D17: INZ-2039-2-2023
B18: 2022-VVI-A-105 | C18: Projet 17 | D18: INZ-2039-2-2023
B19: 2022-VVI-A-73 | C19: Projet 18 | D19: INZ-2039-2-2023
B20: 2022-VVI-B-126 | C20: Projet 19 | D20: CAPEX 1725 (Four X) ou new CAPEX ?
C21: Projet 20 | D21: TBD
B22: 2022-FBL-C-43 | C22: Projet 21 | D22: TBD
B23: 2022-FBL-B-42 | C23: Projet 22 | D23: TBD
B24: 2022-FBL-C-66 | C24: Projet 23 | D24: TBD
B25: 2022-VVI-B-139 | C25: Projet 24 | D25: TBD
B26: 2023-VVI-x-xx | C26: Projet 25 | D26: TBD
C27: Projet 26 | D27: INZ-2041-2-2023
D28: 1F-DVS/00.PN012
B29: PINV | C29: Petit investissement | D29: PINV
B30: PILOTAGE | C30: Suivi des EM sur les prestations diverses | D30: PILOTAGE OPEX
B31: HSSE | C31: HSSE | D31: HSSE

Sheet CAPEX
D1: x | O1: x | R1: x
A2: CAPEX | P2: DEPENSES
A3: n° CAPEX | B3: Cadré / Hors cadrage | C3: Nom CAPEX | E3: Ouveture Oui/Non | F3: Budget Global | G3: Objectif | K3: Solde | P3: Informations | Q3: 2023 | R3: 2024 | S3: 2025 | T3: 2026
G4: 2023 | H4: 2024 | I4: 2025 | J4: 2026 | K4: 2023 | L4: 2024 | M4: 2025 | N4: 2026
A5: INZ-2039-2-2023 | C5: FONDATION | K5: =G5-(Q6+Q7) -> 0 | L5: =H5-(R6+R7) -> 0 | M5: =I5-(T6+T7) -> 0 | P5: obj. debut d'année | Q5: =G5 -> 0 | R5: =H5 -> 0 | S5: =I5 -> 0 | T5: =J5 -> 0
P6: EM faites
P7: Engagé+planifié
P8: Commande à faire
A9: INZ-1489-2-2022-A | K9: =G9-(Q10+Q11) -> 0 | L9: =H9-(R10+R11) -> 0 | P9: obj. debut d'année | Q9: =G9 -> 0 | R9: =H9 -> 0 | S9: =I9 -> 0 | T9: =J9 -> 0
P10: EM faites
P11: Engagé+planifié
P12: Commande à faire
A13: INZ-1725-2-2022-A | K13: =G13-(Q14+Q15) -> 0 | L13: =H13-(R14+R15) -> 0 | P13: obj. debut d'année | Q13: =G13 -> 0 | R13: =H13 -> 0 | S13: =I13 -> 0 | T13: =J13 -> 0
P14: EM faites
P15: Engagé+planifié
P16: Commande à faire
A17: INZ-1676-2-2022 | K17: =G17-(Q18+Q19) -> 0 | L17: =H17-(R18+R19) -> 0 | P17: obj. debut d'année | Q17: =G17 -> 0 | R17: =H17 -> 0 | S17: =I17 -> 0 | T17: =J17 -> 0
P18: EM faites
P19: Engagé+planifié
P20: Commande à faire
A21: INZ-0645-2-2018-A | C21: NEW KITCHEN | K21: =G21-(Q22+Q23) -> 0 | L21: =H21-(R22+R23) -> 0 | P21: obj. debut d'année | Q21: =G21 -> 0 | R21: =H21 -> 0 | S21: =I21 -> 0 | T21: =J21 -> 0
P22: EM faites
P23: Engagé+planifié
P24: Commande à faire
A25: TBD | K25: =G25-(Q26+Q27) -> 0 | L25: =H25-(R26+R27) -> 0 | P25: obj. debut d'année | Q25: =G25 -> 0 | R25: =H25 -> 0 | S25: =I25 -> 0 | T25: =J25 -> 0
P26: EM faites
P27: Engagé+planifié
P28: Commande à faire
A29: TBD | K29: =G29-(Q30+Q31) -> 0 | L29: =H29-(R30+R31) -> 0 | P29: obj. debut d'année | Q29: =G29 -> 0 | R29: =H29 -> 0 | S29: =I29 -> 0 | T29: =J29 -> 0
P30: EM faites
P31: Engagé+planifié
P32: Commande à faire
A33: TBD | K33: =G33-(Q34+Q35) -> 0 | L33: =H33-(R34+R35) -> 0 | P33: obj. debut d'année | Q33: =G33 -> 0 | R33: =H33 -> 0 | S33: =I33 -> 0 | T33: =J33 -> 0
P34: EM faites
P35: Engagé+planifié
P36: Commande à faire
A37: TBD | K37: =G37-(Q38+Q39) -> 0 | L37: =H37-(R38+R39) -> 0 | P37: obj. debut d'année | Q37: =G37 -> 0 | R37: =H37 -> 0 | S37: =I37 -> 0 | T37: =J37 -> 0
P38: EM faites
P39: Engagé+planifié
P40: Commande à faire
C41: TOITURE | K41: =G41-(Q42+Q43) -> 0 | L41: =H41-(R42+R43) -> 0 | P41: obj. debut d'année | Q41: =G41 -> 0 | R41: =H41 -> 0 | S41: =I41 -> 0 | T41: =J41 -> 0
P42: EM faites
P43: Engagé+planifié
P44: Commande à faire
K45: =G45-(Q46+Q47) -> 0 | L45: =H45-(R46+R47) -> 0 | P45: obj. debut d'année | Q45: =G45 -> 0 | R45: =H45 -> 0 | S45: =I45 -> 0 | T45: =J45 -> 0
P46: EM faites
P47: Engagé+planifié
P48: Commande à faire

Sheet PROJET 
C1: x | F1: x | Q1: x | AF1: x
A2: PROJET | R2: DEPENSES
A3: N° Projet | B3: Désignation Projet | D3: n° CAPEX | E3: Nom CAPEX | G3: Ouveture oui/non | H3: Budget Projet | L3: Solde | P3: Acheteur | R3: Informations | S3: 2023 | T3: 44927 | U3: 44958 | V3: 44986 | W3: 45017 | X3: 45047 | Y3: 45078 | Z3: 45108 | AA3: 45139 | AB3: 45170 | AC3: 45200 | AD3: 45231 | AE3: 45261 | AF3: 2024 | AG3: 45292 | AH3: 45323 | AI3: 45352 | AJ3: 45383 | AK3: 45413 | AL3: 45444 | AM3: 45474 | AN3: 45505 | AO3: 45536 | AP3: 45566 | AQ3: 45597 | AR3: 45627 | AS3: 2025 | AT3: 45658 | AU3: 45689 | AV3: 45717 | AW3: 45748 | AX3: 45778 | AY3: 45809 | AZ3: 45839 | BA3: 45870 | BB3: 45901 | BC3: 45931 | BD3: 45962 | BE3: 45992 | BG3: Commentaires
H4: 2023 | I4: 2024 | J4: 2025 | K4: 2026 | L4: 2023 | M4: 2024 | N4: 2025 | O4: 2026
A5: 2022-VVI-B-89 | B5: =IFERROR(VLOOKUP($A5,DATA!$B$1:$D$32,2,FALSE),"") -> Projet 9 | D5: =IFERROR(VLOOKUP($A5,DATA!$B$1:$D$32,3,FALSE),"") -> INZ-2039-2-2023 | E5: FONDATION | L5: =H5-(S6+S7) -> #N/A | M5: =I5-(AF6+AF7) -> 0 | N5: =J5-(AS6+AS7) -> 0 | R5: obj. debut d'année | S5: =H5 -> 0 | AF5: =I5 -> 0 | AS5: =K5 -> 0 | BG5: Attente chiffrage Acb pour définir nouveau besoin budgétaire
R6: EM faites | S6: =SUM(T6:AE6) -> #N/A | T6: {=SUMPRODUCT(('DA CDE '!$C$3:$C$80=$A5)*('DA CDE '!$F$3:$F$80=$D5)*('DA CDE '!$N$2:$AO$2='PROJET '!T$3)*('DA CDE '!M3:$M$80="EM OK")*('DA CDE '!$N$3:$AN$80))} -> #N/A | AF6: =SUM(AG6:AR6) -> 0 | AS6: =SUM(AT6:BE6) -> 0
R7: Engagé+planifié | S7: =SUM(T7:AE7) -> #N/A | T7: {=SUMPRODUCT(('DA CDE '!$C$3:$C$80=$A5)*('DA CDE '!$F$3:$F$80=$D5)*('DA CDE '!$N$2:$AO$2='PROJET '!T$3)*('DA CDE '!M3:$M$80="DA EN COURS ")*('DA CDE '!$N$3:$AN$80))+SUMPRODUCT(('DA CDE '!$C$3:$C$80=$A5)*('DA CDE '!$F$3:$F$80=$D5)*('DA CDE '!$N$2:$AO$2='PROJET '!T$3)*('DA CDE '!M3:$M$80="Cmde OK")*('DA CDE '!$N$3:$AN$80))} -> #N/A | AF7: =SUM(AG7:AR7) -> 0 | AS7: =SUM(AT7:BE7) -> 0
R8: Commande à faire
A9: 2022-VVI-C-129 | B9: =IFERROR(VLOOKUP($A9,DATA!$B$1:$D$32,2,FALSE),"") -> Projet 10 | D9: =IFERROR(VLOOKUP($A9,DATA!$B$1:$D$32,3,FALSE),"") -> INZ-2039-2-2023 | E9: FONDATION | L9: =H9-(S10+S11) -> #N/A | M9: =I9-(AF10+AF11) -> 0 | N9: =J9-(AS10+AS11) -> 0 | R9: obj. debut d'année | S9: =H9 -> 0
R10: EM faites | S10: =SUM(T10:AE10) -> #N/A | T10: {=SUMPRODUCT(('DA CDE '!$C$3:$C$80=$A9)*('DA CDE '!$F$3:$F$80=$D9)*('DA CDE '!$N$2:$AO$2='PROJET '!T$3)*('DA CDE '!M7:$M$80="EM OK")*('DA CDE '!$N$3:$AN$80))} -> #N/A
R11: Engagé+planifié | S11: =SUM(T11:AE11) -> #N/A | T11: {=SUMPRODUCT(('DA CDE '!$C$3:$C$80=$A9)*('DA CDE '!$F$3:$F$80=$D9)*('DA CDE '!$N$2:$AO$2='PROJET '!T$3)*('DA CDE '!M7:$M$80="DA EN COURS ")*('DA CDE '!$N$3:$AN$80))+SUMPRODUCT(('DA CDE '!$C$3:$C$80=$A9)*('DA CDE '!$F$3:$F$80=$D9)*('DA CDE '!$N$2:$AO$2='PROJET '!T$3)*('DA CDE '!M7:$M$80="Cmde OK")*('DA CDE '!$N$3:$AN$80))} -> #N/A
R12: Commande à faire
A13: 2022-FBL-B-48 | B13: =IFERROR(VLOOKUP($A13,DATA!$B$1:$D$32,2,FALSE),"") -> Projet 13 | D13: =IFERROR(VLOOKUP($A13,DATA!$B$1:$D$32,3,FALSE),"") -> INZ-2039-2-2023 | E13: FONDATION | L13: =H13-(S14+S15) -> #N/A | M13: =I13-(AF14+AF15) -> 0 | N13: =J13-(AS14+AS15) -> 0 | R13: obj. debut d'année | S13: =H13 -> 0
R14: EM faites | S14: =SUM(T14:AE14) -> #N/A | T14: {=SUMPRODUCT(('DA CDE '!$C$3:$C$80=$A13)*('DA CDE '!$F$3:$F$80=$D13)*('DA CDE '!$N$2:$AO$2='PROJET '!T$3)*('DA CDE '!M11:$M$80="EM OK")*('DA CDE '!$N$3:$AN$80))} -> #N/A
R15: Engagé+planifié | S15: =SUM(T15:AE15) -> #N/A | T15: {=SUMPRODUCT(('DA CDE '!$C$3:$C$80=$A13)*('DA CDE '!$F$3:$F$80=$D13)*('DA CDE '!$N$2:$AO$2='PROJET '!T$3)*('DA CDE '!M11:$M$80="DA EN COURS ")*('DA CDE '!$N$3:$AN$80))+SUMPRODUCT(('DA CDE '!$C$3:$C$80=$A13)*('DA CDE '!$F$3:$F$80=$D13)*('DA CDE '!$N$2:$AO$2='PROJET '!T$3)*('DA CDE '!M11:$M$80="Cmde OK")*('DA CDE '!$N$3:$AN$80))} -> #N/A
R16: Commande à faire
A17: 2022-VVI-A-73 | B17: =IFERROR(VLOOKUP($A17,DATA!$B$1:$D$32,2,FALSE),"") -> Projet 18 | D17: =IFERROR(VLOOKUP($A17,DATA!$B$1:$D$32,3,FALSE),"") -> INZ-2039-2-2023 | E17: FONDATION | L17: =H17-(S18+S19) -> #N/A | M17: =I17-(AF18+AF19) -> 0 | N17: =J17-(AS18+AS19) -> 0 | R17: obj. debut d'année | S17: =H17 -> 0
R18: EM faites | S18: =SUM(T18:AE18) -> #N/A | T18: {=SUMPRODUCT(('DA CDE '!$C$3:$C$80=$A17)*('DA CDE '!$F$3:$F$80=$D17)*('DA CDE '!$N$2:$AO$2='PROJET '!T$3)*('DA CDE '!M15:$M$80="EM OK")*('DA CDE '!$N$3:$AN$80))} -> #N/A
R19: Engagé+planifié | S19: =SUM(T19:AE19) -> #N/A | T19: {=SUMPRODUCT(('DA CDE '!$C$3:$C$80=$A17)*('DA CDE '!$F$3:$F$80=$D17)*('DA CDE '!$N$2:$AO$2='PROJET '!T$3)*('DA CDE '!M15:$M$80="DA EN COURS ")*('DA CDE '!$N$3:$AN$80))+SUMPRODUCT(('DA CDE '!$C$3:$C$80=$A17)*('DA CDE '!$F$3:$F$80=$D17)*('DA CDE '!$N$2:$AO$2='PROJET '!T$3)*('DA CDE '!M15:$M$80="Cmde OK")*('DA CDE '!$N$3:$AN$80))} -> #N/A
R20: Commande à faire
B21: =IFERROR(VLOOKUP($A21,DATA!$B$1:$D$32,2,FALSE),"") | D21: =IFERROR(VLOOKUP($A21,DATA!$B$1:$D$32,3,FALSE),"") | E21: FONDATION | H21: 995 | L21: =H21-(S22+S23) -> #N/A | M21: =I21-(AF22+AF23) -> 0 | N21: =J21-(AS22+AS23) -> 0 | R21: obj. debut d'année | S21: =H21 -> 995
R22: EM faites | S22: =SUM(T22:AE22) -> #N/A | T22: {=SUMPRODUCT(('DA CDE '!$C$3:$C$80=$A21)*('DA CDE '!$F$3:$F$80=$D21)*('DA CDE '!$N$2:$AO$2='PROJET '!T$3)*('DA CDE '!M19:$M$80="EM OK")*('DA CDE '!$N$3:$AN$80))} -> #N/A
R23: Engagé+planifié | S23: =SUM(T23:AE23) -> #N/A | T23: {=SUMPRODUCT(('DA CDE '!$C$3:$C$80=$A21)*('DA CDE '!$F$3:$F$80=$D21)*('DA CDE '!$N$2:$AO$2='PROJET '!T$3)*('DA CDE '!M19:$M$80="DA EN COURS ")*('DA CDE '!$N$3:$AN$80))+SUMPRODUCT(('DA CDE '!$C$3:$C$80=$A21)*('DA CDE '!$F$3:$F$80=$D21)*('DA CDE '!$N$2:$AO$2='PROJET '!T$3)*('DA CDE '!M19:$M$80="Cmde OK")*('DA CDE '!$N$3:$AN$80))} -> #N/A
R24: Commande à faire
A25: 2021-FBL-B-60 | B25: =IFERROR(VLOOKUP($A25,DATA!$B$1:$D$32,2,FALSE),"") -> Projet 6 | D25: =IFERROR(VLOOKUP($A25,DATA!$B$1:$D$32,3,FALSE),"") -> INZ-1489-2-2022-A | L25: =H25-(S26+S27) -> #N/A | M25: =I25-(AF26+AF27) -> 0 | N25: =J25-(AS26+AS27) -> 0 | R25: obj. debut d'année | S25: =H25 -> 0
R26: EM faites | S26: =SUM(T26:AE26) -> #N/A | T26: {=SUMPRODUCT(('DA CDE '!$C$3:$C$80=$A25)*('DA CDE '!$F$3:$F$80=$D25)*('DA CDE '!$N$2:$AO$2='PROJET '!T$3)*('DA CDE '!M23:$M$80="EM OK")*('DA CDE '!$N$3:$AN$80))} -> #N/A
R27: Engagé+planifié | S27: =SUM(T27:AE27) -> #N/A | T27: {=SUMPRODUCT(('DA CDE '!$C$3:$C$80=$A25)*('DA CDE '!$F$3:$F$80=$D25)*('DA CDE '!$N$2:$AO$2='PROJET '!T$3)*('DA CDE '!M23:$M$80="DA EN COURS ")*('DA CDE '!$N$3:$AN$80))+SUMPRODUCT(('DA CDE '!$C$3:$C$80=$A25)*('DA CDE '!$F$3:$F$80=$D25)*('DA CDE '!$N$2:$AO$2='PROJET '!T$3)*('DA CDE '!M23:$M$80="Cmde OK")*('DA CDE '!$N$3:$AN$80))} -> #N/A
R28: Commande à faire
A29: 2021-FBL-C-62 | B29: =IFERROR(VLOOKUP($A29,DATA!$B$1:$D$32,2,FALSE),"") -> Projet 7 | D29: =IFERROR(VLOOKUP($A29,DATA!$B$1:$D$32,3,FALSE),"") -> INZ-1725-2-2022-A | L29: =H29-(S30+S31) -> #N/A | M29: =I29-(AF30+AF31) -> 0 | N29: =J29-(AS30+AS31) -> 0 | R29: obj. debut d'année | S29: =H29 -> 0
R30: EM faites | S30: =SUM(T30:AE30) -> #N/A | T30: {=SUMPRODUCT(('DA CDE '!$C$3:$C$80=$A29)*('DA CDE '!$F$3:$F$80=$D29)*('DA CDE '!$N$2:$AO$2='PROJET '!T$3)*('DA CDE '!M27:$M$80="EM OK")*('DA CDE '!$N$3:$AN$80))} -> #N/A
R31: Engagé+planifié | S31: =SUM(T31:AE31) -> #N/A | T31: {=SUMPRODUCT(('DA CDE '!$C$3:$C$80=$A29)*('DA CDE '!$F$3:$F$80=$D29)*('DA CDE '!$N$2:$AO$2='PROJET '!T$3)*('DA CDE '!M27:$M$80="DA EN COURS ")*('DA CDE '!$N$3:$AN$80))+SUMPRODUCT(('DA CDE '!$C$3:$C$80=$A29)*('DA CDE '!$F$3:$F$80=$D29)*('DA CDE '!$N$2:$AO$2='PROJET '!T$3)*('DA CDE '!M27:$M$80="Cmde OK")*('DA CDE '!$N$3:$AN$80))} -> #N/A
R32: Commande à faire
A33: 2022-FBL-B-53 | B33: =IFERROR(VLOOKUP($A33,DATA!$B$1:$D$32,2,FALSE),"") -> Projet 8 | D33: =IFERROR(VLOOKUP($A33,DATA!$B$1:$D$32,3,FALSE),"") -> INZ-1676-2-2022 | L33: =H33-(S34+S35) -> #N/A | M33: =I33-(AF34+AF35) -> 0 | N33: =J33-(AS34+AS35) -> 0 | R33: obj. debut d'année | S33: =H33 -> 0
R34: EM faites | S34: =SUM(T34:AE34) -> #N/A | T34: {=SUMPRODUCT(('DA CDE '!$C$3:$C$80=$A33)*('DA CDE '!$F$3:$F$80=$D33)*('DA CDE '!$N$2:$AO$2='PROJET '!T$3)*('DA CDE '!M31:$M$80="EM OK")*('DA CDE '!$N$3:$AN$80))} -> #N/A
R35: Engagé+planifié | S35: =SUM(T35:AE35) -> #N/A | T35: {=SUMPRODUCT(('DA CDE '!$C$3:$C$80=$A33)*('DA CDE '!$F$3:$F$80=$D33)*('DA CDE '!$N$2:$AO$2='PROJET '!T$3)*('DA CDE '!M31:$M$80="DA EN COURS ")*('DA CDE '!$N$3:$AN$80))+SUMPRODUCT(('DA CDE '!$C$3:$C$80=$A33)*('DA CDE '!$F$3:$F$80=$D33)*('DA CDE '!$N$2:$AO$2='PROJET '!T$3)*('DA CDE '!M31:$M$80="Cmde OK")*('DA CDE '!$N$3:$AN$80))} -> #N/A
R36: Commande à faire
A37: 2021-FBL-A-71 | B37: =IFERROR(VLOOKUP($A37,DATA!$B$1:$D$32,2,FALSE),"") -> Projet 1 | D37: =IFERROR(VLOOKUP($A37,DATA!$B$1:$D$32,3,FALSE),"") -> INZ-0645-2-2018-A | E37: NEW KITCHEN | L37: =H37-(S38+S39) -> #N/A | M37: =I37-(AF38+AF39) -> 0 | N37: =J37-(AS38+AS39) -> 0 | R37: obj. debut d'année | S37: =H37 -> 0
R38: EM faites | S38: =SUM(T38:AE38) -> #N/A | T38: {=SUMPRODUCT(('DA CDE '!$C$3:$C$80=$A37)*('DA CDE '!$F$3:$F$80=$D37)*('DA CDE '!$N$2:$AO$2='PROJET '!T$3)*('DA CDE '!M35:$M$80="EM OK")*('DA CDE '!$N$3:$AN$80))} -> #N/A
R39: Engagé+planifié | S39: =SUM(T39:AE39) -> #N/A | T39: {=SUMPRODUCT(('DA CDE '!$C$3:$C$80=$A37)*('DA CDE '!$F$3:$F$80=$D37)*('DA CDE '!$N$2:$AO$2='PROJET '!T$3)*('DA CDE '!M35:$M$80="DA EN COURS ")*('DA CDE '!$N$3:$AN$80))+SUMPRODUCT(('DA CDE '!$C$3:$C$80=$A37)*('DA CDE '!$F$3:$F$80=$D37)*('DA CDE '!$N$2:$AO$2='PROJET '!T$3)*('DA CDE '!M35:$M$80="Cmde OK")*('DA CDE '!$N$3:$AN$80))} -> #N/A
R40: Commande à faire
A41: 2022-FBL-A-44 | B41: =IFERROR(VLOOKUP($A41,DATA!$B$1:$D$32,2,FALSE),"") -> Projet 2 | D41: =IFERROR(VLOOKUP($A41,DATA!$B$1:$D$32,3,FALSE),"") -> INZ-0645-2-2018-A | E41: NEW KITCHEN | L41: =H41-(S42+S43) -> #N/A | M41: =I41-(AF42+AF43) -> 0 | N41: =J41-(AS42+AS43) -> 0 | R41: obj. debut d'année | S41: =H41 -> 0
R42: EM faites | S42: =SUM(T42:AE42) -> #N/A | T42: {=SUMPRODUCT(('DA CDE '!$C$3:$C$80=$A41)*('DA CDE '!$F$3:$F$80=$D41)*('DA CDE '!$N$2:$AO$2='PROJET '!T$3)*('DA CDE '!M39:$M$80="EM OK")*('DA CDE '!$N$3:$AN$80))} -> #N/A
R43: Engagé+planifié | S43: =SUM(T43:AE43) -> #N/A | T43: {=SUMPRODUCT(('DA CDE '!$C$3:$C$80=$A41)*('DA CDE '!$F$3:$F$80=$D41)*('DA CDE '!$N$2:$AO$2='PROJET '!T$3)*('DA CDE '!M39:$M$80="DA EN COURS ")*('DA CDE '!$N$3:$AN$80))+SUMPRODUCT(('DA CDE '!$C$3:$C$80=$A41)*('DA CDE '!$F$3:$F$80=$D41)*('DA CDE '!$N$2:$AO$2='PROJET '!T$3)*('DA CDE '!M39:$M$80="Cmde OK")*('DA CDE '!$N$3:$AN$80))} -> #N/A
R44: Commande à faire
A45: 2021-FBL-D-72 | B45: =IFERROR(VLOOKUP($A45,DATA!$B$1:$D$32,2,FALSE),"") -> Projet 3 | D45: =IFERROR(VLOOKUP($A45,DATA!$B$1:$D$32,3,FALSE),"") -> INZ-0645-2-2018-A | E45: NEW KITCHEN | L45: =H45-(S46+S47) -> #N/A | M45: =I45-(AF46+AF47) -> 0 | N45: =J45-(AS46+AS47) -> 0 | R45: obj. debut d'année | S45: =H45 -> 0
R46: EM faites | S46: =SUM(T46:AE46) -> #N/A | T46: {=SUMPRODUCT(('DA CDE '!$C$3:$C$80=$A45)*('DA CDE '!$F$3:$F$80=$D45)*('DA CDE '!$N$2:$AO$2='PROJET '!T$3)*('DA CDE '!M43:$M$80="EM OK")*('DA CDE '!$N$3:$AN$80))} -> #N/A
R47: Engagé+planifié | S47: =SUM(T47:AE47) -> #N/A | T47: {=SUMPRODUCT(('DA CDE '!$C$3:$C$80=$A45)*('DA CDE '!$F$3:$F$80=$D45)*('DA CDE '!$N$2:$AO$2='PROJET '!T$3)*('DA CDE '!M43:$M$80="DA EN COURS ")*('DA CDE '!$N$3:$AN$80))+SUMPRODUCT(('DA CDE '!$C$3:$C$80=$A45)*('DA CDE '!$F$3:$F$80=$D45)*('DA CDE '!$N$2:$AO$2='PROJET '!T$3)*('DA CDE '!M43:$M$80="Cmde OK")*('DA CDE '!$N$3:$AN$80))} -> #N/A
R48: Commande à faire
A49: 2022-FBL-A-38 | B49: =IFERROR(VLOOKUP($A49,DATA!$B$1:$D$32,2,FALSE),"") -> Projet 4 | D49: =IFERROR(VLOOKUP($A49,DATA!$B$1:$D$32,3,FALSE),"") -> INZ-0645-2-2018-A | E49: NEW KITCHEN | L49: =H49-(S50+S51) -> #N/A | M49: =I49-(AF50+AF51) -> 0 | N49: =J49-(AS50+AS51) -> 0 | R49: obj. debut d'année | S49: =H49 -> 0
R50: EM faites | S50: =SUM(T50:AE50) -> #N/A | T50: {=SUMPRODUCT(('DA CDE '!$C$3:$C$80=$A49)*('DA CDE '!$F$3:$F$80=$D49)*('DA CDE '!$N$2:$AO$2='PROJET '!T$3)*('DA CDE '!M47:$M$80="EM OK")*('DA CDE '!$N$3:$AN$80))} -> #N/A
R51: Engagé+planifié | S51: =SUM(T51:AE51) -> #N/A | T51: {=SUMPRODUCT(('DA CDE '!$C$3:$C$80=$A49)*('DA CDE '!$F$3:$F$80=$D49)*('DA CDE '!$N$2:$AO$2='PROJET '!T$3)*('DA CDE '!M47:$M$80="DA EN COURS ")*('DA CDE '!$N$3:$AN$80))+SUMPRODUCT(('DA CDE '!$C$3:$C$80=$A49)*('DA CDE '!$F$3:$F$80=$D49)*('DA CDE '!$N$2:$AO$2='PROJET '!T$3)*('DA CDE '!M47:$M$80="Cmde OK")*('DA CDE '!$N$3:$AN$80))} -> #N/A
R52: Commande à faire
A53: 2022-VVI-B-88 | B53: =IFERROR(VLOOKUP($A53,DATA!$B$1:$D$32,2,FALSE),"") -> Projet 5 | D53: =IFERROR(VLOOKUP($A53,DATA!$B$1:$D$32,3,FALSE),"") -> INZ-0645-2-2018-A | E53: NEW KITCHEN | L53: =H53-(S54+S55) -> #N/A | M53: =I53-(AF54+AF55) -> 0 | N53: =J53-(AS54+AS55) -> 0 | R53: obj. debut d'année | S53: =H53 -> 0
R54: EM faites | S54: =SUM(T54:AE54) -> #N/A | T54: {=SUMPRODUCT(('DA CDE '!$C$3:$C$80=$A53)*('DA CDE '!$F$3:$F$80=$D53)*('DA CDE '!$N$2:$AO$2='PROJET '!T$3)*('DA CDE '!M51:$M$80="EM OK")*('DA CDE '!$N$3:$AN$80))} -> #N/A
R55: Engagé+planifié | S55: =SUM(T55:AE55) -> #N/A | T55: {=SUMPRODUCT(('DA CDE '!$C$3:$C$80=$A53)*('DA CDE '!$F$3:$F$80=$D53)*('DA CDE '!$N$2:$AO$2='PROJET '!T$3)*('DA CDE '!M51:$M$80="DA EN COURS ")*('DA CDE '!$N$3:$AN$80))+SUMPRODUCT(('DA CDE '!$C$3:$C$80=$A53)*('DA CDE '!$F$3:$F$80=$D53)*('DA CDE '!$N$2:$AO$2='PROJET '!T$3)*('DA CDE '!M51:$M$80="Cmde OK")*('DA CDE '!$N$3:$AN$80))} -> #N/A
R56: Commande à faire
A57: 2022-FBL-C-43 | B57: =IFERROR(VLOOKUP($A57,DATA!$B$1:$D$32,2,FALSE),"") -> Projet 21 | D57: =IFERROR(VLOOKUP($A57,DATA!$B$1:$D$32,3,FALSE),"") -> TBD | L57: =H57-(S58+S59) -> #N/A | M57: =I57-(AF58+AF59) -> 0 | N57: =J57-(AS58+AS59) -> 0 | R57: obj. debut d'année | S57: =H57 -> 0
R58: EM faites | S58: =SUM(T58:AE58) -> #N/A | T58: {=SUMPRODUCT(('DA CDE '!$C$3:$C$80=$A57)*('DA CDE '!$F$3:$F$80=$D57)*('DA CDE '!$N$2:$AO$2='PROJET '!T$3)*('DA CDE '!M55:$M$80="EM OK")*('DA CDE '!$N$3:$AN$80))} -> #N/A
R59: Engagé+planifié | S59: =SUM(T59:AE59) -> #N/A | T59: {=SUMPRODUCT(('DA CDE '!$C$3:$C$80=$A57)*('DA CDE '!$F$3:$F$80=$D57)*('DA CDE '!$N$2:$AO$2='PROJET '!T$3)*('DA CDE '!M55:$M$80="DA EN COURS ")*('DA CDE '!$N$3:$AN$80))+SUMPRODUCT(('DA CDE '!$C$3:$C$80=$A57)*('DA CDE '!$F$3:$F$80=$D57)*('DA CDE '!$N$2:$AO$2='PROJET '!T$3)*('DA CDE '!M55:$M$80="Cmde OK")*('DA CDE '!$N$3:$AN$80))} -> #N/A
R60: Commande à faire
A61: 2022-FBL-B-42 | B61: =IFERROR(VLOOKUP($A61,DATA!$B$1:$D$32,2,FALSE),"") -> Projet 22 | D61: =IFERROR(VLOOKUP($A61,DATA!$B$1:$D$32,3,FALSE),"") -> TBD | L61: =H61-(S62+S63) -> #N/A | M61: =I61-(AF62+AF63) -> 0 | N61: =J61-(AS62+AS63) -> 0 | R61: obj. debut d'année | S61: =H61 -> 0
R62: EM faites | S62: =SUM(T62:AE62) -> #N/A | T62: {=SUMPRODUCT(('DA CDE '!$C$3:$C$80=$A61)*('DA CDE '!$F$3:$F$80=$D61)*('DA CDE '!$N$2:$AO$2='PROJET '!T$3)*('DA CDE '!M59:$M$80="EM OK")*('DA CDE '!$N$3:$AN$80))} -> #N/A
R63: Engagé+planifié | S63: =SUM(T63:AE63) -> #N/A | T63: {=SUMPRODUCT(('DA CDE '!$C$3:$C$80=$A61)*('DA CDE '!$F$3:$F$80=$D61)*('DA CDE '!$N$2:$AO$2='PROJET '!T$3)*('DA CDE '!M59:$M$80="DA EN COURS ")*('DA CDE '!$N$3:$AN$80))+SUMPRODUCT(('DA CDE '!$C$3:$C$80=$A61)*('DA CDE '!$F$3:$F$80=$D61)*('DA CDE '!$N$2:$AO$2='PROJET '!T$3)*('DA CDE '!M59:$M$80="Cmde OK")*('DA CDE '!$N$3:$AN$80))} -> #N/A
R64: Commande à faire
A65: 2022-FBL-C-66 | B65: =IFERROR(VLOOKUP($A65,DATA!$B$1:$D$32,2,FALSE),"") -> Projet 23 | D65: =IFERROR(VLOOKUP($A65,DATA!$B$1:$D$32,3,FALSE),"") -> TBD | L65: =H65-(S66+S67) -> #N/A | M65: =I65-(AF66+AF67) -> 0 | N65: =J65-(AS66+AS67) -> 0 | R65: obj. debut d'année | S65: =H65 -> 0
R66: EM faites | S66: =SUM(T66:AE66) -> #N/A | T66: {=SUMPRODUCT(('DA CDE '!$C$3:$C$80=$A65)*('DA CDE '!$F$3:$F$80=$D65)*('DA CDE '!$N$2:$AO$2='PROJET '!T$3)*('DA CDE '!M63:$M$80="EM OK")*('DA CDE '!$N$3:$AN$80))} -> #N/A
R67: Engagé+planifié | S67: =SUM(T67:AE67) -> #N/A | T67: {=SUMPRODUCT(('DA CDE '!$C$3:$C$80=$A65)*('DA CDE '!$F$3:$F$80=$D65)*('DA CDE '!$N$2:$AO$2='PROJET '!T$3)*('DA CDE '!M63:$M$80="DA EN COURS ")*('DA CDE '!$N$3:$AN$80))+SUMPRODUCT(('DA CDE '!$C$3:$C$80=$A65)*('DA CDE '!$F$3:$F$80=$D65)*('DA CDE '!$N$2:$AO$2='PROJET '!T$3)*('DA CDE '!M63:$M$80="Cmde OK")*('DA CDE '!$N$3:$AN$80))} -> #N/A
R68: Commande à faire
A69: 2022-VVI-B-139 | B69: =IFERROR(VLOOKUP($A69,DATA!$B$1:$D$32,2,FALSE),"") -> Projet 24 | D69: =IFERROR(VLOOKUP($A69,DATA!$B$1:$D$32,3,FALSE),"") -> TBD | L69: =H69-(S70+S71) -> #N/A | M69: =I69-(AF70+AF71) -> 0 | N69: =J69-(AS70+AS71) -> 0 | R69: obj. debut d'année | S69: =H69 -> 0
R70: EM faites | S70: =SUM(T70:AE70) -> #N/A | T70: {=SUMPRODUCT(('DA CDE '!$C$3:$C$80=$A69)*('DA CDE '!$F$3:$F$80=$D69)*('DA CDE '!$N$2:$AO$2='PROJET '!T$3)*('DA CDE '!M67:$M$80="EM OK")*('DA CDE '!$N$3:$AN$80))} -> #N/A
R71: Engagé+planifié | S71: =SUM(T71:AE71) -> #N/A | T71: {=SUMPRODUCT(('DA CDE '!$C$3:$C$80=$A69)*('DA CDE '!$F$3:$F$80=$D69)*('DA CDE '!$N$2:$AO$2='PROJET '!T$3)*('DA CDE '!M67:$M$80="DA EN COURS ")*('DA CDE '!$N$3:$AN$80))+SUMPRODUCT(('DA CDE '!$C$3:$C$80=$A69)*('DA CDE '!$F$3:$F$80=$D69)*('DA CDE '!$N$2:$AO$2='PROJET '!T$3)*('DA CDE '!M67:$M$80="Cmde OK")*('DA CDE '!$N$3:$AN$80))} -> #N/A
R72: Commande à faire
A73: 2022-FBL-A-38 | B73: =IFERROR(VLOOKUP($A73,DATA!$B$1:$D$32,2,FALSE),"") -> Projet 4 | D73: EN COURS | E73: TOITURE | G73: EN COURS | H73: 40 | L73: =H73-(S74+S75) -> #N/A | M73: =I73-(AF74+AF75) -> 0 | N73: =J73-(AS74+AS75) -> 0 | R73: obj. debut d'année | S73: =H73 -> 40
R74: EM faites | S74: =SUM(T74:AE74) -> #N/A | T74: {=SUMPRODUCT(('DA CDE '!$C$3:$C$80=$A73)*('DA CDE '!$F$3:$F$80=$D73)*('DA CDE '!$N$2:$AO$2='PROJET '!T$3)*('DA CDE '!M71:$M$80="EM OK")*('DA CDE '!$N$3:$AN$80))} -> #N/A
R75: Engagé+planifié | S75: =SUM(T75:AE75) -> #N/A | T75: {=SUMPRODUCT(('DA CDE '!$C$3:$C$80=$A73)*('DA CDE '!$F$3:$F$80=$D73)*('DA CDE '!$N$2:$AO$2='PROJET '!T$3)*('DA CDE '!M71:$M$80="DA EN COURS ")*('DA CDE '!$N$3:$AN$80))+SUMPRODUCT(('DA CDE '!$C$3:$C$80=$A73)*('DA CDE '!$F$3:$F$80=$D73)*('DA CDE '!$N$2:$AO$2='PROJET '!T$3)*('DA CDE '!M71:$M$80="Cmde OK")*('DA CDE '!$N$3:$AN$80))} -> #N/A
R76: Commande à faire
A77: 2022-VVI-A-105 | B77: =IFERROR(VLOOKUP($A77,DATA!$B$1:$D$32,2,FALSE),"") -> Projet 17 | D77: EN COURS | E77: TOITURE | G77: EN COURS | H77: 108 | L77: =H77-(S78+S79) -> #N/A | M77: =I77-(AF78+AF79) -> 0 | N77: =J77-(AS78+AS79) -> 0 | R77: obj. debut d'année | S77: =H77 -> 108
R78: EM faites | S78: =SUM(T78:AE78) -> #N/A | T78: {=SUMPRODUCT(('DA CDE '!$C$3:$C$80=$A77)*('DA CDE '!$F$3:$F$80=$D77)*('DA CDE '!$N$2:$AO$2='PROJET '!T$3)*('DA CDE '!M75:$M$80="EM OK")*('DA CDE '!$N$3:$AN$80))} -> #N/A
R79: Engagé+planifié | S79: =SUM(T79:AE79) -> #N/A | T79: {=SUMPRODUCT(('DA CDE '!$C$3:$C$80=$A77)*('DA CDE '!$F$3:$F$80=$D77)*('DA CDE '!$N$2:$AO$2='PROJET '!T$3)*('DA CDE '!M75:$M$80="DA EN COURS ")*('DA CDE '!$N$3:$AN$80))+SUMPRODUCT(('DA CDE '!$C$3:$C$80=$A77)*('DA CDE '!$F$3:$F$80=$D77)*('DA CDE '!$N$2:$AO$2='PROJET '!T$3)*('DA CDE '!M75:$M$80="Cmde OK")*('DA CDE '!$N$3:$AN$80))} -> #N/A
R80: Commande à faire

Sheet DA CDE  
A2: Màj | B2: DEMANDEUR | C2: N°CHRONO | D2: DESIGNATION PROJET | E2: OPEX / CAPEX / PINV / HSSE | F2: N°CAPEX | G2: COMMENTAIRES | H2: N°DA | I2: N°COMMANDE | J2: DESIGNATION DA | K2: FOURNISSEURS | L2: MONTANT à planifier | M2: STATUT | N2: janv-23 | O2: févr-23 | P2: mars-23 | Q2: avr-23 | R2: mai-23 | S2: juin-23 | T2: juil-23 | U2: août-23 | V2: sept-23 | W2: oct-23 | X2: nov-23 | Y2: déc-23 | Z2: Total 2023 | AA2: janv-24 | AB2: févr-24 | AC2: mars-24 | AD2: avr-24 | AE2: mai-24 | AF2: juin-24 | AG2: juil-24 | AH2: août-24 | AI2: sept-24 | AJ2: oct-24 | AK2: nov-24 | AL2: déc-24 | AM2: Total 2024 | AN2: Total 2025
A3: 44902 | B3: Koffi | D3: =IFERROR(VLOOKUP($C3,DATA!$B$1:$D$32,2,FALSE),"") | F3: =IFERROR(VLOOKUP($C3,DATA!$B$1:$D$32,3,FALSE),"") | M3: EM OK | N3: 0 | O3: 0 | P3: 0 | Q3: 0 | R3: 0 | S3: 0 | T3: 0 | U3: 0 | V3: 0 | W3: 0 | X3: 0 | Y3: 0 | Z3: =SUM(N3:Y3) -> 0 | AA3: 0 | AB3: 0 | AC3: 0 | AD3: 0 | AE3: 0 | AF3: 0 | AG3: 0 | AH3: 0 | AI3: 0 | AJ3: 0 | AK3: 0 | AL3: 0 | AM3: =SUM(AA3:AL3) -> 0 | AN3: =SUM(AB3:AM3) -> 0
A4: 44902 | B4: Abou | C4: 2022-FBL-A-38 | D4: =IFERROR(VLOOKUP($C4,DATA!$B$1:$D$32,2,FALSE),"") -> Projet 4 | F4: =IFERROR(VLOOKUP($C4,DATA!$B$1:$D$32,3,FALSE),"") -> INZ-0645-2-2018-A | H4: 5500164910 | I4: 699962 | M4: EM OK | N4: 0 | O4: 0 | P4: 0 | Q4: 0 | R4: 0 | S4: 0 | T4: 0 | U4: 0 | V4: 0 | W4: 0 | X4: 0 | Y4: 0 | Z4: =SUM(N4:Y4) -> 0 | AA4: 0 | AB4: 0 | AC4: 0 | AD4: 0 | AE4: 0 | AF4: 0 | AG4: 0 | AH4: 0 | AI4: 0 | AJ4: 0 | AK4: 0 | AL4: 0 | AM4: =SUM(AA4:AL4) -> 0 | AN4: =SUM(AB4:AM4) -> 0
A5: 44902 | B5: Abou | C5: 2022-FBL-A-38 | D5: =IFERROR(VLOOKUP($C5,DATA!$B$1:$D$32,2,FALSE),"") -> Projet 4 | F5: =IFERROR(VLOOKUP($C5,DATA!$B$1:$D$32,3,FALSE),"") -> INZ-0645-2-2018-A | H5: 5500174527 | I5: 750864 756571 | M5: EM OK | N5: >> | O5: >>> | P5: - | Q5: 0 | R5: 0 | S5: 0 | T5: 0 | U5: 0 | V5: 0 | W5: 0 | X5: 0 | Y5: 0 | Z5: =SUM(N5:Y5) -> 0 | AA5: 0 | AB5: 0 | AC5: 0 | AD5: 0 | AE5: 0 | AF5: 0 | AG5: 0 | AH5: 0 | AI5: 0 | AJ5: 0 | AK5: 0 | AL5: 0 | AM5: =SUM(AA5:AL5) -> 0 | AN5: =SUM(AB5:AM5) -> 0
A6: 44902 | B6: Abou | C6: 2022-FBL-A-38 | D6: =IFERROR(VLOOKUP($C6,DATA!$B$1:$D$32,2,FALSE),"") -> Projet 4 | F6: =IFERROR(VLOOKUP($C6,DATA!$B$1:$D$32,3,FALSE),"") -> INZ-0645-2-2018-A | H6: 5500174528 | I6: 750866 | M6: EM OK | N6: >> | O6: 10.4 | P6: 0 | Q6: 0 | R6: 0 | S6: 0 | T6: 0 | U6: 0 | V6: 0 | W6: 0 | X6: 0 | Y6: 0 | Z6: =SUM(N6:Y6) -> 10.4 | AA6: 0 | AB6: 0 | AC6: 0 | AD6: 0 | AE6: 0 | AF6: 0 | AG6: 0 | AH6: 0 | AI6: 0 | AJ6: 0 | AK6: 0 | AL6: 0 | AM6: =SUM(AA6:AL6) -> 0 | AN6: =SUM(AB6:AM6) -> 0
A7: 44902 | B7: Abou | C7: 2022-FBL-A-38 | D7: =IFERROR(VLOOKUP($C7,DATA!$B$1:$D$32,2,FALSE),"") -> Projet 4 | F7: =IFERROR(VLOOKUP($C7,DATA!$B$1:$D$32,3,FALSE),"") -> INZ-0645-2-2018-A | H7: 5500175043 | I7: 747039 | M7: EM OK | N7: 0 | O7: 0 | P7: 0 | Q7: 0 | R7: 0 | S7: 0 | T7: 0 | U7: 0 | V7: 0 | W7: 0 | X7: 0 | Y7: 0 | Z7: =SUM(N7:Y7) -> 0 | AA7: 0 | AB7: 0 | AC7: 0 | AD7: 0 | AE7: 0 | AF7: 0 | AG7: 0 | AH7: 0 | AI7: 0 | AJ7: 0 | AK7: 0 | AL7: 0 | AM7: =SUM(AA7:AL7) -> 0 | AN7: =SUM(AB7:AM7) -> 0
A8: 45029 | B8: Abou | C8: 2022-FBL-A-38 | D8: =IFERROR(VLOOKUP($C8,DATA!$B$1:$D$32,2,FALSE),"") -> Projet 4 | F8: =IFERROR(VLOOKUP($C8,DATA!$B$1:$D$32,3,FALSE),"") -> INZ-0645-2-2018-A | H8: 5500186531 | I8: 805796 | M8: Cmde OK | N8: 0 | O8: 0 | P8: 0 | Q8: 0 | R8: 0 | S8: 0 | T8: 0 | U8: 0 | V8: 0 | W8: 0 | X8: 0 | Y8: 0 | Z8: =SUM(N8:Y8) -> 0 | AA8: 0 | AB8: 0 | AC8: 0 | AD8: 0 | AE8: 0 | AF8: 0 | AG8: 0 | AH8: 0 | AI8: 0 | AJ8: 0 | AK8: 0 | AL8: 0 | AM8: =SUM(AA8:AL8) -> 0 | AN8: =SUM(AB8:AM8) -> 0
A9: 44902 | B9: Atse | C9: 2022-VVI-B-88 | D9: =IFERROR(VLOOKUP($C9,DATA!$B$1:$D$32,2,FALSE),"") -> Projet 5 | F9: =IFERROR(VLOOKUP($C9,DATA!$B$1:$D$32,3,FALSE),"") -> INZ-0645-2-2018-A | H9: 5500168371 | I9: 720781 | M9: Cmde OK | N9: 0 | O9: 0 | P9: 15.189 | Q9: 0 | R9: 0 | S9: 0 | T9: 0 | U9: 0 | V9: 0 | W9: 0 | X9: 0 | Y9: 0 | Z9: =SUM(N9:Y9) -> 15.189 | AA9: 0 | AB9: 0 | AC9: 0 | AD9: 0 | AE9: 0 | AF9: 0 | AG9: 0 | AH9: 0 | AI9: 0 | AJ9: 0 | AK9: 0 | AL9: 0 | AM9: =SUM(AA9:AL9) -> 0 | AN9: =SUM(AB9:AM9) -> 0
A10: 44935 | B10: Atse | C10: 2022-VVI-B-88 | D10: =IFERROR(VLOOKUP($C10,DATA!$B$1:$D$32,2,FALSE),"") -> Projet 5 | F10: =IFERROR(VLOOKUP($C10,DATA!$B$1:$D$32,3,FALSE),"") -> INZ-0645-2-2018-A | H10: 5500176510 | I10: 772969 | M10: EM OK | N10: 0 | O10: 0 | P10: 0 | Q10: 0 | R10: 0 | S10: 0 | T10: 0 | U10: 0 | V10: 0 | W10: 0 | X10: 0 | Y10: 0 | Z10: =SUM(N10:Y10) -> 0 | AA10: 0 | AB10: 0 | AC10: 0 | AD10: 0 | AE10: 0 | AF10: 0 | AG10: 0 | AH10: 0 | AI10: 0 | AJ10: 0 | AK10: 0 | AL10: 0 | AM10: =SUM(AA10:AL10) -> 0 | AN10: =SUM(AB10:AM10) -> 0
A11: 44902 | B11: Abou | C11: 2021-FBL-B-60 | D11: =IFERROR(VLOOKUP($C11,DATA!$B$1:$D$32,2,FALSE),"") -> Projet 6 | F11: =IFERROR(VLOOKUP($C11,DATA!$B$1:$D$32,3,FALSE),"") -> INZ-1489-2-2022-A | H11: 5500167113 | I11: 713661 | M11: EM OK | N11: 0 | O11: 0 | P11: 0 | Q11: 0 | R11: =159*0.4 -> 63.6 | S11: 0 | T11: < | U11: 0 | V11: 0 | W11: 0 | X11: 0 | Y11: 0 | Z11: =SUM(N11:Y11) -> 63.6 | AA11: 0 | AB11: 0 | AC11: 0 | AD11: 0 | AE11: 0 | AF11: 0 | AG11: 0 | AH11: 0 | AI11: 0 | AJ11: 0 | AK11: 0 | AL11: 0 | AM11: =SUM(AA11:AL11) -> 0 | AN11: =SUM(AB11:AM11) -> 0
A12: 44902 | B12: Abou | C12: 2021-FBL-B-60 | D12: =IFERROR(VLOOKUP($C12,DATA!$B$1:$D$32,2,FALSE),"") -> Projet 6 | F12: =IFERROR(VLOOKUP($C12,DATA!$B$1:$D$32,3,FALSE),"") -> INZ-1489-2-2022-A | H12: 5500167113 | I12: 713661 | M12: EM OK | N12: 0 | O12: 0 | P12: 0 | Q12: 0 | R12: 0 | S12: 0 | T12: 0 | U12: 0 | V12: =159*0.2 -> 31.8 | W12: 0 | X12: 0 | Y12: 0 | Z12: =SUM(N12:Y12) -> 31.8 | AA12: 0 | AB12: 0 | AC12: 0 | AD12: 0 | AE12: 0 | AF12: 0 | AG12: 0 | AH12: 0 | AI12: 0 | AJ12: 0 | AK12: 0 | AL12: 0 | AM12: =SUM(AA12:AL12) -> 0 | AN12: =SUM(AB12:AM12) -> 0
A13: 44902 | B13: Abou | C13: 2021-FBL-B-60 | D13: =IFERROR(VLOOKUP($C13,DATA!$B$1:$D$32,2,FALSE),"") -> Projet 6 | F13: =IFERROR(VLOOKUP($C13,DATA!$B$1:$D$32,3,FALSE),"") -> INZ-1489-2-2022-A | H13: 5500167113 | I13: 713661 | M13: Cmde OK | N13: 0 | O13: 0 | P13: 0 | Q13: 0 | R13: 0 | S13: 0 | T13: 0 | U13: 0 | V13: 0 | W13: 0 | X13: 0 | Y13: 0 | Z13: =SUM(N13:Y13) -> 0 | AA13: 0 | AB13: 0 | AC13: 0 | AD13: 0 | AE13: 0 | AF13: 0 | AG13: 0 | AH13: 0 | AI13: 0 | AJ13: 0 | AK13: 0 | AL13: 0 | AM13: =SUM(AA13:AL13) -> 0 | AN13: =SUM(AB13:AM13) -> 0
A14: 44902 | B14: Abou | C14: 2021-FBL-B-60 | D14: =IFERROR(VLOOKUP($C14,DATA!$B$1:$D$32,2,FALSE),"") -> Projet 6 | F14: =IFERROR(VLOOKUP($C14,DATA!$B$1:$D$32,3,FALSE),"") -> INZ-1489-2-2022-A | H14: 5500167113 | I14: 713661 | M14: EM OK | N14: 0 | O14: 0 | P14: 0 | Q14: 0 | R14: =125.4*0.4 -> 50.16 | S14: 0 | T14: 0 | U14: < | V14: 0 | W14: 0 | X14: 0 | Y14: 0 | Z14: =SUM(N14:Y14) -> 50.16 | AA14: 0 | AB14: 0 | AC14: 0 | AD14: 0 | AE14: 0 | AF14: 0 | AG14: 0 | AH14: 0 | AI14: 0 | AJ14: 0 | AK14: 0 | AL14: 0 | AM14: =SUM(AA14:AL14) -> 0 | AN14: =SUM(AB14:AM14) -> 0
A15: 44902 | B15: Abou | C15: 2021-FBL-B-60 | D15: =IFERROR(VLOOKUP($C15,DATA!$B$1:$D$32,2,FALSE),"") -> Projet 6 | F15: =IFERROR(VLOOKUP($C15,DATA!$B$1:$D$32,3,FALSE),"") -> INZ-1489-2-2022-A | H15: 5500167113 | I15: 713661 | M15: Cmde OK | N15: 0 | O15: 0 | P15: 0 | Q15: 0 | R15: 0 | S15: 0 | T15: 0 | U15: 0 | V15: =125.4*0.2 -> 25.08 | W15: 0 | X15: 0 | Y15: 0 | Z15: =SUM(N15:Y15) -> 25.08 | AA15: 0 | AB15: 0 | AC15: 0 | AD15: 0 | AE15: 0 | AF15: 0 | AG15: 0 | AH15: 0 | AI15: 0 | AJ15: 0 | AK15: 0 | AL15: 0 | AM15: =SUM(AA15:AL15) -> 0 | AN15: =SUM(AB15:AM15) -> 0
A16: 44902 | B16: Abou | C16: 2021-FBL-B-60 | D16: =IFERROR(VLOOKUP($C16,DATA!$B$1:$D$32,2,FALSE),"") -> Projet 6 | F16: =IFERROR(VLOOKUP($C16,DATA!$B$1:$D$32,3,FALSE),"") -> INZ-1489-2-2022-A | H16: 5500167113 | I16: 713661 | M16: Cmde OK | N16: 0 | O16: 0 | P16: 0 | Q16: 0 | R16: 0 | S16: 0 | T16: 0 | U16: 0 | V16: 0 | W16: 0 | X16: 0 | Y16: 0 | Z16: =SUM(N16:Y16) -> 0 | AA16: 0 | AB16: 0 | AC16: 0 | AD16: 0 | AE16: 0 | AF16: 0 | AG16: 0 | AH16: 0 | AI16: 0 | AJ16: 0 | AK16: 0 | AL16: 0 | AM16: =SUM(AA16:AL16) -> 0 | AN16: =SUM(AB16:AM16) -> 0
A17: 44902 | B17: Abou | C17: 2021-FBL-B-60 | D17: =IFERROR(VLOOKUP($C17,DATA!$B$1:$D$32,2,FALSE),"") -> Projet 6 | F17: =IFERROR(VLOOKUP($C17,DATA!$B$1:$D$32,3,FALSE),"") -> INZ-1489-2-2022-A | H17: 5500167113 | I17: 713661 | M17: EM OK | N17: 0 | O17: 0 | P17: 0 | Q17: 0 | R17: 0 | S17: 0 | T17: 0 | U17: 0 | V17: =19.6*0.6 -> 11.76 | W17: 0 | X17: 0 | Y17: 0 | Z17: =SUM(N17:Y17) -> 11.76 | AA17: 0 | AB17: 0 | AC17: 0 | AD17: 0 | AE17: 0 | AF17: 0 | AG17: 0 | AH17: 0 | AI17: 0 | AJ17: 0 | AK17: 0 | AL17: 0 | AM17: =SUM(AA17:AL17) -> 0 | AN17: =SUM(AB17:AM17) -> 0
A18: 44902 | B18: Abou | C18: 2021-FBL-B-60 | D18: =IFERROR(VLOOKUP($C18,DATA!$B$1:$D$32,2,FALSE),"") -> Projet 6 | F18: =IFERROR(VLOOKUP($C18,DATA!$B$1:$D$32,3,FALSE),"") -> INZ-1489-2-2022-A | H18: 5500167113 | I18: 713661 | M18: Cmde OK | N18: 0 | O18: 0 | P18: 0 | Q18: 0 | R18: 0 | S18: 0 | T18: 0 | U18: 0 | V18: 0 | W18: 0 | X18: 0 | Y18: 0 | Z18: =SUM(N18:Y18) -> 0 | AA18: 0 | AB18: 0 | AC18: 0 | AD18: 0 | AE18: 0 | AF18: 0 | AG18: 0 | AH18: 0 | AI18: 0 | AJ18: 0 | AK18: 0 | AL18: 0 | AM18: =SUM(AA18:AL18) -> 0 | AN18: =SUM(AB18:AM18) -> 0
A19: 44902 | B19: Abou | C19: 2021-FBL-B-60 | D19: =IFERROR(VLOOKUP($C19,DATA!$B$1:$D$32,2,FALSE),"") -> Projet 6 | F19: =IFERROR(VLOOKUP($C19,DATA!$B$1:$D$32,3,FALSE),"") -> INZ-1489-2-2022-A | H19: 5500170732 | I19: 726905 | M19: EM OK | N19: 0 | O19: 0 | P19: > | Q19: =23.5*0.5 -> 11.75 | R19: 0 | S19: 0 | T19: 0 | U19: 0 | V19: 0 | W19: 0 | X19: 0 | Y19: 0 | Z19: =SUM(N19:Y19) -> 11.75 | AA19: 0 | AB19: 0 | AC19: 0 | AD19: 0 | AE19: 0 | AF19: 0 | AG19: 0 | AH19: 0 | AI19: 0 | AJ19: 0 | AK19: 0 | AL19: 0 | AM19: =SUM(AA19:AL19) -> 0 | AN19: =SUM(AB19:AM19) -> 0
A20: 44902 | B20: Abou | C20: 2021-FBL-B-60 | D20: =IFERROR(VLOOKUP($C20,DATA!$B$1:$D$32,2,FALSE),"") -> Projet 6 | F20: =IFERROR(VLOOKUP($C20,DATA!$B$1:$D$32,3,FALSE),"") -> INZ-1489-2-2022-A | H20: 5500170732 | I20: 726905 | M20: Cmde OK | N20: 0 | O20: 0 | P20: 0 | Q20: 0 | R20: 0 | S20: 0 | T20: 0 | U20: 0 | V20: 0 | W20: 0 | X20: 0 | Y20: 0 | Z20: =SUM(N20:Y20) -> 0 | AA20: 0 | AB20: 0 | AC20: 0 | AD20: 0 | AE20: 0 | AF20: 0 | AG20: 0 | AH20: 0 | AI20: 0 | AJ20: 0 | AK20: 0 | AL20: 0 | AM20: =SUM(AA20:AL20) -> 0 | AN20: =SUM(AB20:AM20) -> 0
A21: 44902 | B21: Abou | C21: 2021-FBL-B-60 | D21: =IFERROR(VLOOKUP($C21,DATA!$B$1:$D$32,2,FALSE),"") -> Projet 6 | F21: =IFERROR(VLOOKUP($C21,DATA!$B$1:$D$32,3,FALSE),"") -> INZ-1489-2-2022-A | H21: 5500170733 | I21: 726902 | M21: EM OK | N21: 0 | O21: 0 | P21: > | Q21: =23.5*0.5 -> 11.75 | R21: 0 | S21: 0 | T21: 0 | U21: 0 | V21: 0 | W21: 0 | X21: 0 | Y21: 0 | Z21: =SUM(N21:Y21) -> 11.75 | AA21: 0 | AB21: 0 | AC21: 0 | AD21: 0 | AE21: 0 | AF21: 0 | AG21: 0 | AH21: 0 | AI21: 0 | AJ21: 0 | AK21: 0 | AL21: 0 | AM21: =SUM(AA21:AL21) -> 0 | AN21: =SUM(AB21:AM21) -> 0
A22: 44902 | B22: Abou | C22: 2021-FBL-B-60 | D22: =IFERROR(VLOOKUP($C22,DATA!$B$1:$D$32,2,FALSE),"") -> Projet 6 | F22: =IFERROR(VLOOKUP($C22,DATA!$B$1:$D$32,3,FALSE),"") -> INZ-1489-2-2022-A | H22: 5500170733 | I22: 726902 | M22: Cmde OK | N22: 0 | O22: 0 | P22: 0 | Q22: 0 | R22: 0 | S22: 0 | T22: 0 | U22: 0 | V22: 0 | W22: 0 | X22: 0 | Y22: 0 | Z22: =SUM(N22:Y22) -> 0 | AA22: 0 | AB22: 0 | AC22: 0 | AD22: 0 | AE22: 0 | AF22: 0 | AG22: 0 | AH22: 0 | AI22: 0 | AJ22: 0 | AK22: 0 | AL22: 0 | AM22: =SUM(AA22:AL22) -> 0 | AN22: =SUM(AB22:AM22) -> 0
A23: 44902 | B23: Abou | C23: 2021-FBL-B-60 | D23: =IFERROR(VLOOKUP($C23,DATA!$B$1:$D$32,2,FALSE),"") -> Projet 6 | F23: =IFERROR(VLOOKUP($C23,DATA!$B$1:$D$32,3,FALSE),"") -> INZ-1489-2-2022-A | H23: 5500170846 | I23: 736815 | M23: EM OK | N23: 0 | O23: 0 | P23: > | Q23: =13.5*0.5 -> 6.75 | R23: 0 | S23: 0 | T23: 0 | U23: 0 | V23: 0 | W23: 0 | X23: 0 | Y23: 0 | Z23: =SUM(N23:Y23) -> 6.75 | AA23: 0 | AB23: 0 | AC23: 0 | AD23: 0 | AE23: 0 | AF23: 0 | AG23: 0 | AH23: 0 | AI23: 0 | AJ23: 0 | AK23: 0 | AL23: 0 | AM23: =SUM(AA23:AL23) -> 0 | AN23: =SUM(AB23:AM23) -> 0
A24: 44902 | B24: Abou | C24: 2021-FBL-B-60 | D24: =IFERROR(VLOOKUP($C24,DATA!$B$1:$D$32,2,FALSE),"") -> Projet 6 | F24: =IFERROR(VLOOKUP($C24,DATA!$B$1:$D$32,3,FALSE),"") -> INZ-1489-2-2022-A | H24: 5500170846 | I24: 736815 | M24: Cmde OK | N24: 0 | O24: 0 | P24: 0 | Q24: 0 | R24: 0 | S24: 0 | T24: 0 | U24: 0 | V24: 0 | W24: 0 | X24: 0 | Y24: 0 | Z24: =SUM(N24:Y24) -> 0 | AA24: 0 | AB24: 0 | AC24: 0 | AD24: 0 | AE24: 0 | AF24: 0 | AG24: 0 | AH24: 0 | AI24: 0 | AJ24: 0 | AK24: 0 | AL24: 0 | AM24: =SUM(AA24:AL24) -> 0 | AN24: =SUM(AB24:AM24) -> 0
A25: 44902 | B25: Abou | C25: 2021-FBL-B-60 | D25: =IFERROR(VLOOKUP($C25,DATA!$B$1:$D$32,2,FALSE),"") -> Projet 6 | F25: =IFERROR(VLOOKUP($C25,DATA!$B$1:$D$32,3,FALSE),"") -> INZ-1489-2-2022-A | H25: 5500170844 | I25: 736816 | M25: EM OK | N25: 0 | O25: 0 | P25: > | Q25: =13.5*0.5 -> 6.75 | R25: 0 | S25: 0 | T25: 0 | U25: 0 | V25: 0 | W25: 0 | X25: 0 | Y25: 0 | Z25: =SUM(N25:Y25) -> 6.75 | AA25: 0 | AB25: 0 | AC25: 0 | AD25: 0 | AE25: 0 | AF25: 0 | AG25: 0 | AH25: 0 | AI25: 0 | AJ25: 0 | AK25: 0 | AL25: 0 | AM25: =SUM(AA25:AL25) -> 0 | AN25: =SUM(AB25:AM25) -> 0
A26: 44902 | B26: Abou | C26: 2021-FBL-B-60 | D26: =IFERROR(VLOOKUP($C26,DATA!$B$1:$D$32,2,FALSE),"") -> Projet 6 | F26: =IFERROR(VLOOKUP($C26,DATA!$B$1:$D$32,3,FALSE),"") -> INZ-1489-2-2022-A | H26: 5500170844 | I26: 736816 | M26: Cmde OK | N26: 0 | O26: 0 | P26: 0 | Q26: 0 | R26: 0 | S26: 0 | T26: 0 | U26: 0 | V26: 2.7 | W26: 0 | X26: 0 | Y26: 0 | Z26: =SUM(N26:Y26) -> 2.7 | AA26: 0 | AB26: 0 | AC26: 0 | AD26: 0 | AE26: 0 | AF26: 0 | AG26: 0 | AH26: 0 | AI26: 0 | AJ26: 0 | AK26: 0 | AL26: 0 | AM26: =SUM(AA26:AL26) -> 0 | AN26: =SUM(AB26:AM26) -> 0
A27: 44902 | B27: Abou | C27: 2021-FBL-B-60 | D27: =IFERROR(VLOOKUP($C27,DATA!$B$1:$D$32,2,FALSE),"") -> Projet 6 | F27: =IFERROR(VLOOKUP($C27,DATA!$B$1:$D$32,3,FALSE),"") -> INZ-1489-2-2022-A | H27: 5500177307 | I27: 760378 | M27: Cmde OK | Z27: =SUM(N27:Y27) -> 0 | AA27: 0 | AB27: 0 | AC27: 0 | AD27: 0 | AE27: 0 | AF27: 0 | AG27: 0 | AH27: 0 | AI27: 0 | AJ27: 0 | AK27: 0 | AL27: 0 | AM27: =SUM(AA27:AL27) -> 0 | AN27: =SUM(AB27:AM27) -> 0
A28: 44987 | B28: Abou | C28: 2021-FBL-B-60 | D28: =IFERROR(VLOOKUP($C28,DATA!$B$1:$D$32,2,FALSE),"") -> Projet 6 | F28: =IFERROR(VLOOKUP($C28,DATA!$B$1:$D$32,3,FALSE),"") -> INZ-1489-2-2022-A | N28: 0 | O28: 0 | P28: 0 | Q28: 0 | R28: 0 | S28: > | T28: 0 | U28: 0 | V28: 230 | W28: 0 | X28: 0 | Y28: 0 | Z28: =SUM(N28:Y28) -> 230 | AA28: 0 | AB28: 0 | AC28: 0 | AD28: 0 | AE28: 0 | AF28: 0 | AG28: 0 | AH28: 0 | AI28: 0 | AJ28: 0 | AK28: 0 | AL28: 0 | AM28: =SUM(AA28:AL28) -> 0 | AN28: =SUM(AB28:AM28) -> 0
A29: 44902 | B29: Abou | C29: 2022-VVI-B-89 | D29: =IFERROR(VLOOKUP($C29,DATA!$B$1:$D$32,2,FALSE),"") -> Projet 9 | F29: =IFERROR(VLOOKUP($C29,DATA!$B$1:$D$32,3,FALSE),"") -> INZ-2039-2-2023 | M29: DA A FAIRE | N29: 0 | O29: 0 | P29: 0 | Q29: 0 | R29: 0 | S29: > | T29: 0 | U29: 0 | V29: 30 | W29: 0 | X29: 0 | Y29: 0 | Z29: =SUM(N29:Y29) -> 30 | AA29: 0 | AB29: 0 | AC29: 0 | AD29: 0 | AE29: 0 | AF29: 0 | AG29: 0 | AH29: 0 | AI29: 0 | AJ29: 0 | AK29: 0 | AL29: 0 | AM29: =SUM(AA29:AL29) -> 0 | AN29: =SUM(AB29:AM29) -> 0
A30: 44902 | B30: Abou | C30: 2022-VVI-B-89 | D30: =IFERROR(VLOOKUP($C30,DATA!$B$1:$D$32,2,FALSE),"") -> Projet 9 | F30: =IFERROR(VLOOKUP($C30,DATA!$B$1:$D$32,3,FALSE),"") -> INZ-2039-2-2023 | M30: DA A FAIRE | N30: 687.168 | O30: 0 | P30: 0 | Q30: 0 | R30: 0 | S30: 0 | T30: 0 | U30: 0 | V30: 0 | W30: 0 | X30: 0 | Y30: 0 | Z30: =SUM(N30:Y30) -> 687.168 | AA30: 0 | AB30: 0 | AC30: 0 | AD30: 0 | AE30: 0 | AF30: 0 | AG30: 0 | AH30: 0 | AI30: 0 | AJ30: 0 | AK30: 0 | AL30: 0 | AM30: =SUM(AA30:AL30) -> 0 | AN30: =SUM(AB30:AM30) -> 0
A31: 44902 | B31: atse | C31: 2021-FBL-C-62 | D31: =IFERROR(VLOOKUP($C31,DATA!$B$1:$D$32,2,FALSE),"") -> Projet 7 | F31: =IFERROR(VLOOKUP($C31,DATA!$B$1:$D$32,3,FALSE),"") -> INZ-1725-2-2022-A | H31: 5500176524 | I31: 762639 | M31: EM OK | N31: 0 | O31: 0 | P31: 0 | Q31: 0 | R31: 229.056 | S31: 0 | T31: 0 | U31: 0 | V31: 0 | W31: 0 | X31: 0 | Y31: 0 | Z31: =SUM(N31:Y31) -> 229.056 | AA31: 0 | AB31: 0 | AC31: 0 | AD31: 0 | AE31: 0 | AF31: 0 | AG31: 0 | AH31: 0 | AI31: 0 | AJ31: 0 | AK31: 0 | AL31: 0 | AM31: =SUM(AA31:AL31) -> 0 | AN31: =SUM(AB31:AM31) -> 0
A32: 44902 | B32: Sopie | C32: 2021-FBL-C-62 | D32: =IFERROR(VLOOKUP($C32,DATA!$B$1:$D$32,2,FALSE),"") -> Projet 7 | F32: =IFERROR(VLOOKUP($C32,DATA!$B$1:$D$32,3,FALSE),"") -> INZ-1725-2-2022-A | H32: 5500176524 | I32: 762639 | M32: EM OK | N32: 0 | O32: 0 | P32: 0 | Q32: 0 | R32: 0 | S32: 0 | T32: 0 | U32: 0 | V32: 0 | W32: 0 | X32: 0 | Y32: 0 | Z32: =SUM(N32:Y32) -> 0 | AA32: 0 | AB32: 0 | AC32: 0 | AD32: 0 | AE32: 0 | AF32: 0 | AG32: 0 | AH32: 0 | AI32: 0 | AJ32: 0 | AK32: 0 | AL32: 0 | AM32: =SUM(AA32:AL32) -> 0 | AN32: =SUM(AB32:AM32) -> 0
A33: 44902 | B33: Sopie | C33: 2021-FBL-C-62 | D33: =IFERROR(VLOOKUP($C33,DATA!$B$1:$D$32,2,FALSE),"") -> Projet 7 | F33: =IFERROR(VLOOKUP($C33,DATA!$B$1:$D$32,3,FALSE),"") -> INZ-1725-2-2022-A | H33: 5500176524 | I33: 762639 | M33: EM OK | N33: 0 | O33: 0 | P33: 0 | Q33: 0 | R33: 0 | S33: 0 | T33: 0 | U33: 0 | V33: 0 | W33: 0 | X33: 0 | Y33: 0 | Z33: =SUM(N33:Y33) -> 0 | AA33: 0 | AB33: 0 | AC33: 0 | AD33: 0 | AE33: 0 | AF33: 0 | AG33: 0 | AH33: 0 | AI33: 0 | AJ33: 0 | AK33: 0 | AL33: 0 | AM33: =SUM(AA33:AL33) -> 0 | AN33: =SUM(AB33:AM33) -> 0
A34: 44902 | B34: Sopie | C34: 2021-FBL-C-62 | D34: =IFERROR(VLOOKUP($C34,DATA!$B$1:$D$32,2,FALSE),"") -> Projet 7 | F34: =IFERROR(VLOOKUP($C34,DATA!$B$1:$D$32,3,FALSE),"") -> INZ-1725-2-2022-A | H34: 5500176524 | I34: 762639 | M34: EM OK | N34: 0 | O34: 0 | P34: 0 | Q34: 0 | R34: 0 | S34: 0 | T34: 0 | U34: 0 | V34: 0 | W34: 0 | X34: 0 | Y34: 0 | Z34: =SUM(N34:Y34) -> 0 | AA34: 0 | AB34: 0 | AC34: 0 | AD34: 0 | AE34: 0 | AF34: 0 | AG34: 0 | AH34: 0 | AI34: 0 | AJ34: 0 | AK34: 0 | AL34: 0 | AM34: =SUM(AA34:AL34) -> 0 | AN34: =SUM(AB34:AM34) -> 0
A35: 44902 | B35: Sopie | C35: 2021-FBL-C-62 | D35: =IFERROR(VLOOKUP($C35,DATA!$B$1:$D$32,2,FALSE),"") -> Projet 7 | F35: =IFERROR(VLOOKUP($C35,DATA!$B$1:$D$32,3,FALSE),"") -> INZ-1725-2-2022-A | H35: 5500176524 | I35: 762639 | M35: DA EN COURS | N35: 0 | O35: 0 | P35: 0 | Q35: 0 | R35: 0 | S35: 0 | T35: 0 | U35: 0 | V35: 0 | W35: 0 | X35: 0 | Y35: 0 | Z35: =SUM(N35:Y35) -> 0 | AA35: 0 | AB35: 0 | AC35: 0 | AD35: 0 | AE35: 0 | AF35: 0 | AG35: 0 | AH35: 0 | AI35: 0 | AJ35: 0 | AK35: 0 | AL35: 0 | AM35: =SUM(AA35:AL35) -> 0 | AN35: =SUM(AB35:AM35) -> 0
A36: 44902 | B36: Sopie | C36: 2021-FBL-C-62 | D36: =IFERROR(VLOOKUP($C36,DATA!$B$1:$D$32,2,FALSE),"") -> Projet 7 | F36: =IFERROR(VLOOKUP($C36,DATA!$B$1:$D$32,3,FALSE),"") -> INZ-1725-2-2022-A | M36: DA A FAIRE | N36: 0 | O36: 0 | P36: 0 | Q36: 0 | R36: 0 | S36: 0 | T36: 0 | U36: 0 | V36: 0 | W36: 0 | X36: 0 | Y36: 0 | Z36: =SUM(N36:Y36) -> 0 | AA36: 0 | AB36: 0 | AC36: 0 | AD36: 0 | AE36: 0 | AF36: 0 | AG36: 0 | AH36: 0 | AI36: 0 | AJ36: 0 | AK36: 0 | AL36: 0 | AM36: =SUM(AA36:AL36) -> 0 | AN36: =SUM(AB36:AM36) -> 0
A37: 44902 | B37: Sopie | C37: 2021-FBL-C-62 | D37: =IFERROR(VLOOKUP($C37,DATA!$B$1:$D$32,2,FALSE),"") -> Projet 7 | F37: =IFERROR(VLOOKUP($C37,DATA!$B$1:$D$32,3,FALSE),"") -> INZ-1725-2-2022-A | M37: DA A FAIRE | N37: 0 | O37: 0 | P37: 0 | Q37: 0 | R37: 0 | S37: 0 | T37: 0 | U37: 0 | V37: 0 | W37: 0 | X37: 0 | Y37: 0 | Z37: =SUM(N37:Y37) -> 0 | AA37: 0 | AB37: 0 | AC37: 0 | AD37: 0 | AE37: 0 | AF37: 0 | AG37: 0 | AH37: 0 | AI37: 0 | AJ37: 0 | AK37: 0 | AL37: 0 | AM37: =SUM(AA37:AL37) -> 0 | AN37: =SUM(AB37:AM37) -> 0
A38: 44902 | B38: Mathématique | C38: 2021-FBL-C-62 | D38: =IFERROR(VLOOKUP($C38,DATA!$B$1:$D$32,2,FALSE),"") -> Projet 7 | F38: =IFERROR(VLOOKUP($C38,DATA!$B$1:$D$32,3,FALSE),"") -> INZ-1725-2-2022-A | M38: DA A FAIRE | N38: 0 | O38: 0 | P38: 0 | Q38: 0 | R38: 0 | S38: 0 | T38: 0 | U38: 0 | V38: 0 | W38: 0 | X38: 0 | Y38: 0 | Z38: =SUM(N38:Y38) -> 0 | AA38: 0 | AB38: 0 | AC38: 0 | AD38: 0 | AE38: 0 | AF38: 0 | AG38: 0 | AH38: 0 | AI38: 0 | AJ38: 0 | AK38: 0 | AL38: 0 | AM38: =SUM(AA38:AL38) -> 0 | AN38: =SUM(AB38:AM38) -> 0
A39: 44902 | B39: M&K | C39: 2021-FBL-C-62 | D39: =IFERROR(VLOOKUP($C39,DATA!$B$1:$D$32,2,FALSE),"") -> Projet 7 | F39: =IFERROR(VLOOKUP($C39,DATA!$B$1:$D$32,3,FALSE),"") -> INZ-1725-2-2022-A | M39: DA A FAIRE | N39: 0 | O39: > | P39: 23.062 | Q39: 0 | R39: 0 | S39: 0 | T39: 0 | U39: 0 | V39: 0 | W39: 0 | X39: 0 | Y39: 0 | Z39: =SUM(N39:Y39) -> 23.062 | AA39: 0 | AB39: 0 | AC39: 0 | AD39: 0 | AE39: 0 | AF39: 0 | AG39: 0 | AH39: 0 | AI39: 0 | AJ39: 0 | AK39: 0 | AL39: 0 | AM39: =SUM(AA39:AL39) -> 0 | AN39: =SUM(AB39:AM39) -> 0
A40: 44902 | B40: Arafat | C40: 2021-FBL-C-62 | D40: =IFERROR(VLOOKUP($C40,DATA!$B$1:$D$32,2,FALSE),"") -> Projet 7 | F40: =IFERROR(VLOOKUP($C40,DATA!$B$1:$D$32,3,FALSE),"") -> INZ-1725-2-2022-A | H40: 5500176626 | I40: 765891 | M40: Cmde OK | N40: 0 | O40: 0 | P40: 0 | Q40: 0 | R40: 0 | S40: 0 | T40: 0 | U40: 0 | V40: 400 | W40: 0 | X40: 0 | Y40: 0 | Z40: =SUM(N40:Y40) -> 400 | AA40: 0 | AB40: 0 | AC40: 0 | AD40: 0 | AE40: 0 | AF40: 0 | AG40: 0 | AH40: 0 | AI40: 0 | AJ40: 0 | AK40: 0 | AL40: 0 | AM40: =SUM(AA40:AL40) -> 0 | AN40: =SUM(AB40:AM40) -> 0
A41: 44902 | B41: Arafat | C41: 2021-FBL-C-62 | D41: =IFERROR(VLOOKUP($C41,DATA!$B$1:$D$32,2,FALSE),"") -> Projet 7 | F41: =IFERROR(VLOOKUP($C41,DATA!$B$1:$D$32,3,FALSE),"") -> INZ-1725-2-2022-A | M41: DA A FAIRE | N41: 0 | O41: 0 | P41: 0 | Q41: 0 | R41: 0 | S41: 0 | T41: 0 | U41: 0 | V41: 0 | W41: 0 | X41: 0 | Y41: 0 | Z41: =SUM(N41:Y41) -> 0 | AA41: 0 | AB41: 0 | AC41: 0 | AD41: 0 | AE41: 0 | AF41: 0 | AG41: 0 | AH41: 0 | AI41: 0 | AJ41: 0 | AK41: 0 | AL41: 0 | AM41: =SUM(AA41:AL41) -> 0 | AN41: =SUM(AB41:AM41) -> 0
A42: 44902 | B42: Arafat | C42: 2021-FBL-C-62 | D42: =IFERROR(VLOOKUP($C42,DATA!$B$1:$D$32,2,FALSE),"") -> Projet 7 | F42: =IFERROR(VLOOKUP($C42,DATA!$B$1:$D$32,3,FALSE),"") -> INZ-1725-2-2022-A | M42: DA A FAIRE | N42: 0 | O42: 0 | P42: 0 | Q42: 0 | R42: 0 | S42: 0 | T42: 0 | U42: 0 | V42: 0 | W42: 0 | X42: 0 | Y42: 0 | Z42: =SUM(N42:Y42) -> 0 | AA42: 0 | AB42: 0 | AC42: 0 | AD42: 0 | AE42: 0 | AF42: 0 | AG42: 0 | AH42: 0 | AI42: 0 | AJ42: 0 | AK42: 0 | AL42: 0 | AM42: =SUM(AA42:AL42) -> 0 | AN42: =SUM(AB42:AM42) -> 0
A43: 44902 | B43: Arafat | C43: 2021-FBL-C-62 | D43: =IFERROR(VLOOKUP($C43,DATA!$B$1:$D$32,2,FALSE),"") -> Projet 7 | F43: =IFERROR(VLOOKUP($C43,DATA!$B$1:$D$32,3,FALSE),"") -> INZ-1725-2-2022-A | M43: DA A FAIRE | N43: 0 | O43: 0 | P43: 0 | Q43: 0 | R43: 0 | S43: 0 | T43: 0 | U43: 0 | V43: 0 | W43: 0 | X43: 0 | Y43: 5.2 | Z43: =SUM(N43:Y43) -> 5.2 | AA43: 0 | AB43: 0 | AC43: 0 | AD43: 0 | AE43: 0 | AF43: 0 | AG43: 0 | AH43: 0 | AI43: 0 | AJ43: 0 | AK43: 0 | AL43: 0 | AM43: =SUM(AA43:AL43) -> 0 | AN43: =SUM(AB43:AM43) -> 0
A44: 44986 | B44: yao | C44: 2021-FBL-C-62 | D44: =IFERROR(VLOOKUP($C44,DATA!$B$1:$D$32,2,FALSE),"") -> Projet 7 | F44: =IFERROR(VLOOKUP($C44,DATA!$B$1:$D$32,3,FALSE),"") -> INZ-1725-2-2022-A | H44: 5500185428 | M44: DA EN COURS | N44: 0 | O44: 0 | P44: 0 | Q44: 2.24603 | R44: 0 | S44: 0 | T44: 0 | U44: 0 | V44: 0 | W44: 0 | X44: 0 | Y44: 0 | Z44: =SUM(N44:Y44) -> 2.24603 | AA44: 0 | AB44: 0 | AC44: 0 | AD44: 0 | AE44: 0 | AF44: 0 | AG44: 0 | AH44: 0 | AI44: 0 | AJ44: 0 | AK44: 0 | AL44: 0 | AM44: =SUM(AA44:AL44) -> 0 | AN44: =SUM(AB44:AM44) -> 0
A45: 44999 | B45: yao | C45: 2021-FBL-C-62 | D45: =IFERROR(VLOOKUP($C45,DATA!$B$1:$D$32,2,FALSE),"") -> Projet 7 | F45: =IFERROR(VLOOKUP($C45,DATA!$B$1:$D$32,3,FALSE),"") -> INZ-1725-2-2022-A | H45: 5500186390 | M45: DA EN COURS | N45: 0 | O45: 0 | P45: 0 | Q45: 0 | R45: 0 | S45: 0 | T45: 0 | U45: 0 | V45: 0 | W45: 0 | X45: 0 | Y45: 0 | Z45: =SUM(N45:Y45) -> 0 | AA45: 0 | AB45: 0 | AC45: 0 | AD45: 0 | AE45: 0 | AF45: 0 | AG45: 0 | AH45: 0 | AI45: 0 | AJ45: 0 | AK45: 0 | AL45: 0 | AM45: =SUM(AA45:AL45) -> 0 | AN45: =SUM(AB45:AM45) -> 0
A46: 45061 | B46: Sopie | C46: 2021-FBL-C-62 | D46: =IFERROR(VLOOKUP($C46,DATA!$B$1:$D$32,2,FALSE),"") -> Projet 7 | F46: =IFERROR(VLOOKUP($C46,DATA!$B$1:$D$32,3,FALSE),"") -> INZ-1725-2-2022-A | H46: 5500191479 | I46: 835157 | M46: Cmde OK | N46: 0 | O46: 0 | P46: 0 | Q46: 0 | R46: 0 | S46: 0 | T46: 0 | U46: 0 | V46: 0 | W46: 0 | X46: 0 | Y46: 0 | Z46: =SUM(N46:Y46) -> 0 | AA46: 0 | AB46: 0 | AC46: 0 | AD46: 0 | AE46: 0 | AF46: 0 | AG46: 0 | AH46: 0 | AI46: 0 | AJ46: 0 | AK46: 0 | AL46: 0 | AM46: =SUM(AA46:AL46) -> 0 | AN46: =SUM(AB46:AM46) -> 0
A47: 45030 | B47: Sopie | C47: 2021-FBL-C-62 | D47: =IFERROR(VLOOKUP($C47,DATA!$B$1:$D$32,2,FALSE),"") -> Projet 7 | F47: =IFERROR(VLOOKUP($C47,DATA!$B$1:$D$32,3,FALSE),"") -> INZ-1725-2-2022-A | H47: 5500189295 | I47: 824795 | M47: Cmde OK | N47: 0 | O47: 0 | P47: 0 | Q47: 0 | R47: 0 | S47: 0 | T47: 0 | U47: 0 | V47: 0 | W47: 0 | X47: 0 | Y47: 0 | Z47: =SUM(N47:Y47) -> 0 | AA47: 0 | AB47: 0 | AC47: 0 | AD47: 0 | AE47: 0 | AF47: 0 | AG47: 0 | AH47: 0 | AI47: 0 | AJ47: 0 | AK47: 0 | AL47: 0 | AM47: =SUM(AA47:AL47) -> 0 | AN47: =SUM(AB47:AM47) -> 0
A48: 44902 | B48: atse | C48: 2022-FBL-B-53 | D48: =IFERROR(VLOOKUP($C48,DATA!$B$1:$D$32,2,FALSE),"") -> Projet 8 | F48: =IFERROR(VLOOKUP($C48,DATA!$B$1:$D$32,3,FALSE),"") -> INZ-1676-2-2022 | H48: 5500165113 | I48: 702188 | M48: EM OK | N48: 0 | O48: 0 | P48: 0 | Q48: 0 | R48: 0 | S48: 0 | T48: 0 | U48: 0 | V48: 0 | W48: 0 | X48: 0 | Y48: 0 | Z48: =SUM(N48:Y48) -> 0 | AA48: 0 | AB48: 0 | AC48: 0 | AD48: 0 | AE48: 0 | AF48: 0 | AG48: 0 | AH48: 0 | AI48: 0 | AJ48: 0 | AK48: 0 | AL48: 0 | AM48: =SUM(AA48:AL48) -> 0 | AN48: =SUM(AB48:AM48) -> 0
A49: 44902 | B49: atse | C49: 2022-FBL-B-53 | D49: =IFERROR(VLOOKUP($C49,DATA!$B$1:$D$32,2,FALSE),"") -> Projet 8 | F49: =IFERROR(VLOOKUP($C49,DATA!$B$1:$D$32,3,FALSE),"") -> INZ-1676-2-2022 | H49: 5500165113 | I49: 702188 | M49: EM OK | N49: > | O49: 33.5 | P49: 0 | Q49: 0 | R49: 0 | S49: 0 | T49: 0 | U49: 0 | V49: 0 | W49: 0 | X49: 0 | Y49: 0 | Z49: =SUM(N49:Y49) -> 33.5 | AA49: 0 | AB49: 0 | AC49: 0 | AD49: 0 | AE49: 0 | AF49: 0 | AG49: 0 | AH49: 0 | AI49: 0 | AJ49: 0 | AK49: 0 | AL49: 0 | AM49: =SUM(AA49:AL49) -> 0 | AN49: =SUM(AB49:AM49) -> 0
A50: 44902 | B50: atse | C50: 2022-FBL-B-53 | D50: =IFERROR(VLOOKUP($C50,DATA!$B$1:$D$32,2,FALSE),"") -> Projet 8 | F50: =IFERROR(VLOOKUP($C50,DATA!$B$1:$D$32,3,FALSE),"") -> INZ-1676-2-2022 | H50: 5500165113 | I50: 702188 | M50: EM OK | N50: 0 | O50: 0 | P50: 35.5 | Q50: 0 | R50: 0 | S50: 0 | T50: 0 | U50: 0 | V50: 0 | W50: 0 | X50: 0 | Y50: 0 | Z50: =SUM(N50:Y50) -> 35.5 | AA50: 0 | AB50: 0 | AC50: 0 | AD50: 0 | AE50: 0 | AF50: 0 | AG50: 0 | AH50: 0 | AI50: 0 | AJ50: 0 | AK50: 0 | AL50: 0 | AM50: =SUM(AA50:AL50) -> 0 | AN50: =SUM(AB50:AM50) -> 0
A51: 44902 | B51: atse | C51: 2022-FBL-B-53 | D51: =IFERROR(VLOOKUP($C51,DATA!$B$1:$D$32,2,FALSE),"") -> Projet 8 | F51: =IFERROR(VLOOKUP($C51,DATA!$B$1:$D$32,3,FALSE),"") -> INZ-1676-2-2022 | H51: 5500165113 | I51: 702188 | M51: EM OK | N51: 0 | O51: 0 | P51: 6.482 | Q51: 0 | R51: 0 | S51: 0 | T51: 0 | U51: 0 | V51: 0 | W51: 0 | X51: 0 | Y51: 0 | Z51: =SUM(N51:Y51) -> 6.482 | AA51: 0 | AB51: 0 | AC51: 0 | AD51: 0 | AE51: 0 | AF51: 0 | AG51: 0 | AH51: 0 | AI51: 0 | AJ51: 0 | AK51: 0 | AL51: 0 | AM51: =SUM(AA51:AL51) -> 0 | AN51: =SUM(AB51:AM51) -> 0
A52: 44935 | B52: atse | C52: 2022-FBL-B-53 | D52: =IFERROR(VLOOKUP($C52,DATA!$B$1:$D$32,2,FALSE),"") -> Projet 8 | F52: =IFERROR(VLOOKUP($C52,DATA!$B$1:$D$32,3,FALSE),"") -> INZ-1676-2-2022 | H52: 5500165113 | I52: 702188 | M52: EM OK | N52: 0 | O52: 0 | P52: 5.736 | Q52: 0 | R52: 0 | S52: 0 | T52: 0 | U52: 0 | V52: 0 | W52: 0 | X52: 0 | Y52: 0 | Z52: =SUM(N52:Y52) -> 5.736 | AA52: 0 | AB52: 0 | AC52: 0 | AD52: 0 | AE52: 0 | AF52: 0 | AG52: 0 | AH52: 0 | AI52: 0 | AJ52: 0 | AK52: 0 | AL52: 0 | AM52: =SUM(AA52:AL52) -> 0 | AN52: =SUM(AB52:AM52) -> 0
A53: 44902 | B53: atse | C53: 2022-FBL-B-53 | D53: =IFERROR(VLOOKUP($C53,DATA!$B$1:$D$32,2,FALSE),"") -> Projet 8 | F53: =IFERROR(VLOOKUP($C53,DATA!$B$1:$D$32,3,FALSE),"") -> INZ-1676-2-2022 | H53: 5500165113 | I53: 702188 | M53: EM OK | N53: > | O53: 0.965 | P53: 0 | Q53: 0 | R53: 0 | S53: 0 | T53: 0 | U53: 0 | V53: 0 | W53: 0 | X53: 0 | Y53: 0 | Z53: =SUM(N53:Y53) -> 0.965 | AA53: 0 | AB53: 0 | AC53: 0 | AD53: 0 | AE53: 0 | AF53: 0 | AG53: 0 | AH53: 0 | AI53: 0 | AJ53: 0 | AK53: 0 | AL53: 0 | AM53: =SUM(AA53:AL53) -> 0 | AN53: =SUM(AB53:AM53) -> 0
A54: 44902 | B54: atse | C54: 2022-FBL-B-53 | D54: =IFERROR(VLOOKUP($C54,DATA!$B$1:$D$32,2,FALSE),"") -> Projet 8 | F54: =IFERROR(VLOOKUP($C54,DATA!$B$1:$D$32,3,FALSE),"") -> INZ-1676-2-2022 | H54: 5500180214 | I54: 770701 | M54: EM OK | N54: 0 | O54: 0 | P54: 9.97 | Q54: 0 | R54: 0 | S54: 0 | T54: 0 | U54: 0 | V54: 0 | W54: 0 | X54: 0 | Y54: 0 | Z54: =SUM(N54:Y54) -> 9.97 | AA54: 0 | AB54: 0 | AC54: 0 | AD54: 0 | AE54: 0 | AF54: 0 | AG54: 0 | AH54: 0 | AI54: 0 | AJ54: 0 | AK54: 0 | AL54: 0 | AM54: =SUM(AA54:AL54) -> 0 | AN54: =SUM(AB54:AM54) -> 0
A55: 44902 | B55: atse | C55: 2022-FBL-B-53 | D55: =IFERROR(VLOOKUP($C55,DATA!$B$1:$D$32,2,FALSE),"") -> Projet 8 | F55: =IFERROR(VLOOKUP($C55,DATA!$B$1:$D$32,3,FALSE),"") -> INZ-1676-2-2022 | H55: 5500188003 | I55: 801304 | M55: Cmde OK | N55: 0 | O55: 0 | P55: 22.058 | Q55: 0 | R55: 0 | S55: 0 | T55: 0 | U55: 0 | V55: 0 | W55: 0 | X55: 0 | Y55: 0 | Z55: =SUM(N55:Y55) -> 22.058 | AA55: 0 | AB55: 0 | AC55: 0 | AD55: 0 | AE55: 0 | AF55: 0 | AG55: 0 | AH55: 0 | AI55: 0 | AJ55: 0 | AK55: 0 | AL55: 0 | AM55: =SUM(AA55:AL55) -> 0 | AN55: =SUM(AB55:AM55) -> 0
A56: 44935 | B56: atse | C56: 2022-FBL-B-53 | D56: =IFERROR(VLOOKUP($C56,DATA!$B$1:$D$32,2,FALSE),"") -> Projet 8 | F56: =IFERROR(VLOOKUP($C56,DATA!$B$1:$D$32,3,FALSE),"") -> INZ-1676-2-2022 | H56: 5500181438 | I56: 780438 | M56: EM OK | N56: 0 | O56: 0.18064 | P56: 0 | Q56: 0 | R56: 0 | S56: 0 | T56: 0 | U56: 0 | V56: 0 | W56: 0 | X56: 0 | Y56: 0 | Z56: =SUM(N56:Y56) -> 0.18064 | AA56: 0 | AB56: 0 | AC56: 0 | AD56: 0 | AE56: 0 | AF56: 0 | AG56: 0 | AH56: 0 | AI56: 0 | AJ56: 0 | AK56: 0 | AL56: 0 | AM56: =SUM(AA56:AL56) -> 0 | AN56: =SUM(AB56:AM56) -> 0
A57: 44978 | B57: moussa | C57: 2022-FBL-B-53 | D57: =IFERROR(VLOOKUP($C57,DATA!$B$1:$D$32,2,FALSE),"") -> Projet 8 | F57: =IFERROR(VLOOKUP($C57,DATA!$B$1:$D$32,3,FALSE),"") -> INZ-1676-2-2022 | H57: 5500184762 | I57: 801304 | M57: EM OK | N57: 0 | O57: 0 | P57: 0 | Q57: 0 | R57: 0 | S57: 0 | T57: 0 | U57: 0 | V57: 0 | W57: 0 | X57: 0 | Y57: 0 | Z57: =SUM(N57:Y57) -> 0 | AA57: 0 | AB57: 0 | AC57: 0 | AD57: 0 | AE57: 0 | AF57: 0 | AG57: 0 | AH57: 0 | AI57: 0 | AJ57: 0 | AK57: 0 | AL57: 0 | AM57: =SUM(AA57:AL57) -> 0 | AN57: =SUM(AB57:AM57) -> 0
A58: 44978 | B58: Diallo | C58: 2022-FBL-B-53 | D58: =IFERROR(VLOOKUP($C58,DATA!$B$1:$D$32,2,FALSE),"") -> Projet 8 | F58: =IFERROR(VLOOKUP($C58,DATA!$B$1:$D$32,3,FALSE),"") -> INZ-1676-2-2022 | H58: / | I58: issu d'une résa | M58: EM OK | N58: 0 | O58: 0 | P58: 0 | Q58: 0 | R58: 0 | S58: 0 | T58: 0 | U58: 0 | V58: 0 | W58: 0 | X58: 0 | Y58: 0 | Z58: =SUM(N58:Y58) -> 0 | AA58: 0 | AB58: 0 | AC58: 0 | AD58: 0 | AE58: 0 | AF58: 0 | AG58: 0 | AH58: 0 | AI58: 0 | AJ58: 0 | AK58: 0 | AL58: 0 | AM58: =SUM(AA58:AL58) -> 0 | AN58: =SUM(AB58:AM58) -> 0
B59: Diallo | C59: 2022-FBL-B-53 | D59: =IFERROR(VLOOKUP($C59,DATA!$B$1:$D$32,2,FALSE),"") -> Projet 8 | F59: =IFERROR(VLOOKUP($C59,DATA!$B$1:$D$32,3,FALSE),"") -> INZ-1676-2-2022 | H59: 5500184214 | I59: 794398 | M59: EM OK | N59: 0 | O59: 0 | P59: 0 | Q59: 0 | R59: 0 | S59: 0 | T59: 0 | U59: 0 | V59: 0 | W59: 0 | X59: 0 | Y59: 0 | Z59: =SUM(N59:Y59) -> 0 | AA59: 0 | AB59: 0 | AC59: 0 | AD59: 0 | AE59: 0 | AF59: 0 | AG59: 0 | AH59: 0 | AI59: 0 | AJ59: 0 | AK59: 0 | AL59: 0 | AM59: =SUM(AA59:AL59) -> 0 | AN59: =SUM(AB59:AM59) -> 0
A60: 44902 | B60: Diallo | C60: PINV | D60: =IFERROR(VLOOKUP($C60,DATA!$B$1:$D$32,2,FALSE),"") -> Petit investissement | F60: =IFERROR(VLOOKUP($C60,DATA!$B$1:$D$32,3,FALSE),"") -> PINV | H60: 5500169051 | I60: 715721 | M60: EM OK | N60: =7.791+1.099 -> 8.89 | O60: =7.42+1.099 -> 8.519 | P60: 8.5 | Q60: 8.5 | R60: 8.5 | S60: 8.5 | T60: 8.5 | U60: 8.5 | V60: 8.5 | W60: 8.5 | X60: 8.5 | Y60: 8.5 | Z60: =SUM(N60:Y60) -> 102.409 | AA60: 0 | AB60: 0 | AC60: 0 | AD60: 0 | AE60: 0 | AF60: 0 | AG60: 0 | AH60: 0 | AI60: 0 | AJ60: 0 | AK60: 0 | AL60: 0 | AM60: =SUM(AA60:AL60) -> 0 | AN60: =SUM(AB60:AM60) -> 0
A61: 44902 | B61: Aya | C61: PINV | D61: =IFERROR(VLOOKUP($C61,DATA!$B$1:$D$32,2,FALSE),"") -> Petit investissement | F61: =IFERROR(VLOOKUP($C61,DATA!$B$1:$D$32,3,FALSE),"") -> PINV | H61: 5500174502 | I61: 750440 | M61: EM OK | N61: 4.4 | O61: 5.6 | P61: 5.6 | Q61: 5.6 | R61: 5.6 | S61: 5.6 | T61: 5.6 | U61: 5.6 | V61: 5.6 | W61: 5.6 | X61: 5.6 | Y61: 5.6 | Z61: =SUM(N61:Y61) -> 66 | AA61: 0 | AB61: 0 | AC61: 0 | AD61: 0 | AE61: 0 | AF61: 0 | AG61: 0 | AH61: 0 | AI61: 0 | AJ61: 0 | AK61: 0 | AL61: 0 | AM61: =SUM(AA61:AL61) -> 0 | AN61: =SUM(AB61:AM61) -> 0
A62: 44902 | B62: Diallo | C62: PILOTAGE | D62: =IFERROR(VLOOKUP($C62,DATA!$B$1:$D$32,2,FALSE),"") -> Suivi des EM sur les prestations diverses | F62: =IFERROR(VLOOKUP($C62,DATA!$B$1:$D$32,3,FALSE),"") -> PILOTAGE OPEX | H62: 5500175028 | I62: 749935 | M62: Cmde OK | N62: 0 | O62: 0 | P62: 0 | Q62: 0 | R62: 0 | S62: 0 | T62: 0 | U62: 0 | V62: 0 | W62: 0 | X62: 0 | Y62: 0 | Z62: =SUM(N62:Y62) -> 0 | AA62: 0 | AB62: 0 | AC62: 0 | AD62: 0 | AE62: 0 | AF62: 0 | AG62: 0 | AH62: 0 | AI62: 0 | AJ62: 0 | AK62: 0 | AL62: 0 | AM62: =SUM(AA62:AL62) -> 0 | AN62: =SUM(AB62:AM62) -> 0
B63: Diallo | C63: PILOTAGE | D63: =IFERROR(VLOOKUP($C63,DATA!$B$1:$D$32,2,FALSE),"") -> Suivi des EM sur les prestations diverses | F63: =IFERROR(VLOOKUP($C63,DATA!$B$1:$D$32,3,FALSE),"") -> PILOTAGE OPEX | I63: 768880 | M63: Cmde OK | N63: 0 | O63: 0 | P63: 0 | Q63: 5.814 | R63: 0 | S63: 0 | T63: 0 | U63: 0 | V63: 0 | W63: 0 | X63: 0 | Y63: 0 | Z63: =SUM(N63:Y63) -> 5.814 | AA63: 0 | AB63: 0 | AC63: 0 | AD63: 0 | AE63: 0 | AF63: 0 | AG63: 0 | AH63: 0 | AI63: 0 | AJ63: 0 | AK63: 0 | AL63: 0 | AM63: =SUM(AA63:AL63) -> 0 | AN63: =SUM(AB63:AM63) -> 0
B64: Diallo | C64: PILOTAGE | D64: =IFERROR(VLOOKUP($C64,DATA!$B$1:$D$32,2,FALSE),"") -> Suivi des EM sur les prestations diverses | F64: =IFERROR(VLOOKUP($C64,DATA!$B$1:$D$32,3,FALSE),"") -> PILOTAGE OPEX | M64: Cmde OK | N64: 0 | O64: 0 | P64: 0 | Q64: 0 | R64: 0 | S64: 0 | T64: 0 | U64: 0 | V64: 0 | W64: 0 | X64: 0 | Y64: 0 | Z64: =SUM(N64:Y64) -> 0 | AA64: 0 | AB64: 0 | AC64: 0 | AD64: 0 | AE64: 0 | AF64: 0 | AG64: 0 | AH64: 0 | AI64: 0 | AJ64: 0 | AK64: 0 | AL64: 0 | AM64: =SUM(AA64:AL64) -> 0 | AN64: =SUM(AB64:AM64) -> 0
A65: 45009 | B65: asseu | C65: 2022-VVI-B-126 | D65: =IFERROR(VLOOKUP($C65,DATA!$B$1:$D$32,2,FALSE),"") -> Projet 19 | F65: =IFERROR(VLOOKUP($C65,DATA!$B$1:$D$32,3,FALSE),"") -> CAPEX 1725 (Four X) ou new CAPEX ? | M65: Cmde OK | N65: 0 | O65: 0 | P65: 0 | Q65: 2.214 | R65: 0 | S65: 0 | T65: 0 | U65: 0 | V65: 0 | W65: 0 | X65: 0 | Y65: 0 | Z65: =SUM(N65:Y65) -> 2.214 | AA65: 0 | AB65: 0 | AC65: 0 | AD65: 0 | AE65: 0 | AF65: 0 | AG65: 0 | AH65: 0 | AI65: 0 | AJ65: 0 | AK65: 0 | AL65: 0 | AM65: =SUM(AA65:AL65) -> 0 | AN65: =SUM(AB65:AM65) -> 0
A66: 45009 | B66: yao | C66: 2022-VVI-B-126 | D66: =IFERROR(VLOOKUP($C66,DATA!$B$1:$D$32,2,FALSE),"") -> Projet 19 | F66: =IFERROR(VLOOKUP($C66,DATA!$B$1:$D$32,3,FALSE),"") -> CAPEX 1725 (Four X) ou new CAPEX ? | H66: 5500187680 | I66: 811842 | M66: EM OK | N66: 0 | O66: 0 | P66: 0 | Q66: 0 | R66: 0 | S66: 0 | T66: 0 | U66: 0 | V66: 0 | W66: 0 | X66: 0 | Y66: 0 | Z66: =SUM(N66:Y66) -> 0 | AA66: 0 | AB66: 0 | AC66: 0 | AD66: 0 | AE66: 0 | AF66: 0 | AG66: 0 | AH66: 0 | AI66: 0 | AJ66: 0 | AK66: 0 | AL66: 0 | AM66: =SUM(AA66:AL66) -> 0 | AN66: =SUM(AB66:AM66) -> 0
A67: 45022 | B67: yekin | C67: 2023-VVI-x-xx | D67: =IFERROR(VLOOKUP($C67,DATA!$B$1:$D$32,2,FALSE),"") -> Projet 25 | F67: =IFERROR(VLOOKUP($C67,DATA!$B$1:$D$32,3,FALSE),"") -> TBD | H67: 5500188968 | I67: 823136 | M67: Cmde OK | N67: 0 | O67: 0 | P67: 0 | Q67: 0 | R67: 0 | S67: 0 | T67: 0 | U67: 0 | V67: 0 | W67: 0 | X67: 0 | Y67: 0 | Z67: =SUM(N67:Y67) -> 0 | AA67: 0 | AB67: 0 | AC67: 0 | AD67: 0 | AE67: 0 | AF67: 0 | AG67: 0 | AH67: 0 | AI67: 0 | AJ67: 0 | AK67: 0 | AL67: 0 | AM67: =SUM(AA67:AL67) -> 0 | AN67: =SUM(AB67:AM67) -> 0
A68: 45037 | B68: craft | C68: PINV | D68: =IFERROR(VLOOKUP($C68,DATA!$B$1:$D$32,2,FALSE),"") -> Petit investissement | F68: =IFERROR(VLOOKUP($C68,DATA!$B$1:$D$32,3,FALSE),"") -> PINV | M68: DA A FAIRE | N68: 0 | O68: 0 | P68: 0 | Q68: 0 | R68: 0 | S68: 0 | T68: 0 | U68: 0 | V68: 0 | W68: 0 | X68: 0 | Y68: 0 | Z68: =SUM(N68:Y68) -> 0 | AA68: 0 | AB68: 0 | AC68: 0 | AD68: 0 | AE68: 0 | AF68: 0 | AG68: 0 | AH68: 0 | AI68: 0 | AJ68: 0 | AK68: 0 | AL68: 0 | AM68: =SUM(AA68:AL68) -> 0 | AN68: =SUM(AB68:AM68) -> 0
A69: 45056 | B69: Diallo | C69: HSSE | D69: =IFERROR(VLOOKUP($C69,DATA!$B$1:$D$32,2,FALSE),"") -> HSSE | F69: =IFERROR(VLOOKUP($C69,DATA!$B$1:$D$32,3,FALSE),"") -> HSSE | H69: 5500189798 | I69: 833405 | M69: Cmde OK | N69: 0 | O69: 0 | P69: 0 | Q69: 0 | R69: 0 | S69: 0 | T69: 0 | U69: 0 | V69: 0 | W69: 0 | X69: 0 | Y69: 0 | Z69: =SUM(N69:Y69) -> 0 | AA69: 0 | AB69: 0 | AC69: 0 | AD69: 0 | AE69: 0 | AF69: 0 | AG69: 0 | AH69: 0 | AI69: 0 | AJ69: 0 | AK69: 0 | AL69: 0 | AM69: =SUM(AA69:AL69) -> 0 | AN69: =SUM(AB69:AM69) -> 0
A70: 45077 | B70: Diallo | C70: PINV | D70: =IFERROR(VLOOKUP($C70,DATA!$B$1:$D$32,2,FALSE),"") -> Petit investissement | F70: =IFERROR(VLOOKUP($C70,DATA!$B$1:$D$32,3,FALSE),"") -> PINV | H70: 5500189865 | I70: 823806 | M70: Cmde OK | N70: 0 | O70: 0 | P70: 0 | Q70: 0 | R70: 0 | S70: 0 | T70: 0 | U70: 0 | V70: 0 | W70: 0 | X70: 0 | Y70: 0 | Z70: =SUM(N70:Y70) -> 0 | AA70: 0 | AB70: 0 | AC70: 0 | AD70: 0 | AE70: 0 | AF70: 0 | AG70: 0 | AH70: 0 | AI70: 0 | AJ70: 0 | AK70: 0 | AL70: 0 | AM70: =SUM(AA70:AL70) -> 0 | AN70: =SUM(AB70:AM70) -> 0
D71: =IFERROR(VLOOKUP($C71,DATA!$B$1:$D$32,2,FALSE),"") | F71: =IFERROR(VLOOKUP($C71,DATA!$B$1:$D$32,3,FALSE),"") | H71: 5500192603 | M71: DA A FAIRE | N71: 0 | O71: 0 | P71: 0 | Q71: 0 | R71: 0 | S71: 0 | T71: 0 | U71: 0 | V71: 0 | W71: 0 | X71: 0 | Y71: 0 | Z71: =SUM(N71:Y71) -> 0 | AA71: 0 | AB71: 0 | AC71: 0 | AD71: 0 | AE71: 0 | AF71: 0 | AG71: 0 | AH71: 0 | AI71: 0 | AJ71: 0 | AK71: 0 | AL71: 0 | AM71: =SUM(AA71:AL71) -> 0 | AN71: =SUM(AB71:AM71) -> 0
D72: =IFERROR(VLOOKUP($C72,DATA!$B$1:$D$32,2,FALSE),"") | F72: =IFERROR(VLOOKUP($C72,DATA!$B$1:$D$32,3,FALSE),"") | N72: 0 | O72: 0 | P72: 0 | Q72: 0 | R72: 0 | S72: 0 | T72: 0 | U72: 0 | V72: 0 | W72: 0 | X72: 0 | Y72: 0 | Z72: =SUM(N72:Y72) -> 0 | AA72: 0 | AB72: 0 | AC72: 0 | AD72: 0 | AE72: 0 | AF72: 0 | AG72: 0 | AH72: 0 | AI72: 0 | AJ72: 0 | AK72: 0 | AL72: 0 | AM72: =SUM(AA72:AL72) -> 0 | AN72: =SUM(AB72:AM72) -> 0
D73: =IFERROR(VLOOKUP($C73,DATA!$B$1:$D$32,2,FALSE),"") | F73: =IFERROR(VLOOKUP($C73,DATA!$B$1:$D$32,3,FALSE),"") | N73: 0 | O73: 0 | P73: 0 | Q73: 0 | R73: 0 | S73: 0 | T73: 0 | U73: 0 | V73: 0 | W73: 0 | X73: 0 | Y73: 0 | Z73: =SUM(N73:Y73) -> 0 | AA73: 0 | AB73: 0 | AC73: 0 | AD73: 0 | AE73: 0 | AF73: 0 | AG73: 0 | AH73: 0 | AI73: 0 | AJ73: 0 | AK73: 0 | AL73: 0 | AM73: =SUM(AA73:AL73) -> 0 | AN73: =SUM(AB73:AM73) -> 0
D74: =IFERROR(VLOOKUP($C74,DATA!$B$1:$D$32,2,FALSE),"") | F74: =IFERROR(VLOOKUP($C74,DATA!$B$1:$D$32,3,FALSE),"") | N74: 0 | O74: 0 | P74: 0 | Q74: 0 | R74: 0 | S74: 0 | T74: 0 | U74: 0 | V74: 0 | W74: 0 | X74: 0 | Y74: 0 | Z74: =SUM(N74:Y74) -> 0 | AA74: 0 | AB74: 0 | AC74: 0 | AD74: 0 | AE74: 0 | AF74: 0 | AG74: 0 | AH74: 0 | AI74: 0 | AJ74: 0 | AK74: 0 | AL74: 0 | AM74: =SUM(AA74:AL74) -> 0 | AN74: =SUM(AB74:AM74) -> 0
D75: =IFERROR(VLOOKUP($C75,DATA!$B$1:$D$32,2,FALSE),"") | F75: =IFERROR(VLOOKUP($C75,DATA!$B$1:$D$32,3,FALSE),"") | N75: 0 | O75: 0 | P75: 0 | Q75: 0 | R75: 0 | S75: 0 | T75: 0 | U75: 0 | V75: 0 | W75: 0 | X75: 0 | Y75: 0 | Z75: =SUM(N75:Y75) -> 0 | AA75: 0 | AB75: 0 | AC75: 0 | AD75: 0 | AE75: 0 | AF75: 0 | AG75: 0 | AH75: 0 | AI75: 0 | AJ75: 0 | AK75: 0 | AL75: 0 | AM75: =SUM(AA75:AL75) -> 0 | AN75: =SUM(AB75:AM75) -> 0
D76: =IFERROR(VLOOKUP($C76,DATA!$B$1:$D$32,2,FALSE),"") | F76: =IFERROR(VLOOKUP($C76,DATA!$B$1:$D$32,3,FALSE),"") | N76: 0 | O76: 0 | P76: 0 | Q76: 0 | R76: 0 | S76: 0 | T76: 0 | U76: 0 | V76: 0 | W76: 0 | X76: 0 | Y76: 0 | Z76: =SUM(N76:Y76) -> 0 | AA76: 0 | AB76: 0 | AC76: 0 | AD76: 0 | AE76: 0 | AF76: 0 | AG76: 0 | AH76: 0 | AI76: 0 | AJ76: 0 | AK76: 0 | AL76: 0 | AM76: =SUM(AA76:AL76) -> 0 | AN76: =SUM(AB76:AM76) -> 0
D77: =IFERROR(VLOOKUP($C77,DATA!$B$1:$D$32,2,FALSE),"") | F77: =IFERROR(VLOOKUP($C77,DATA!$B$1:$D$32,3,FALSE),"") | N77: 0 | O77: 0 | P77: 0 | Q77: 0 | R77: 0 | S77: 0 | T77: 0 | U77: 0 | V77: 0 | W77: 0 | X77: 0 | Y77: 0 | Z77: =SUM(N77:Y77) -> 0 | AA77: 0 | AB77: 0 | AC77: 0 | AD77: 0 | AE77: 0 | AF77: 0 | AG77: 0 | AH77: 0 | AI77: 0 | AJ77: 0 | AK77: 0 | AL77: 0 | AM77: =SUM(AA77:AL77) -> 0 | AN77: =SUM(AB77:AM77) -> 0
D78: =IFERROR(VLOOKUP($C78,DATA!$B$1:$D$32,2,FALSE),"") | F78: =IFERROR(VLOOKUP($C78,DATA!$B$1:$D$32,3,FALSE),"") | N78: 0 | O78: 0 | P78: 0 | Q78: 0 | R78: 0 | S78: 0 | T78: 0 | U78: 0 | V78: 0 | W78: 0 | X78: 0 | Y78: 0 | Z78: =SUM(N78:Y78) -> 0 | AA78: 0 | AB78: 0 | AC78: 0 | AD78: 0 | AE78: 0 | AF78: 0 | AG78: 0 | AH78: 0 | AI78: 0 | AJ78: 0 | AK78: 0 | AL78: 0 | AM78: =SUM(AA78:AL78) -> 0 | AN78: =SUM(AB78:AM78) -> 0
D79: =IFERROR(VLOOKUP($C79,DATA!$B$1:$D$32,2,FALSE),"") | F79: =IFERROR(VLOOKUP($C79,DATA!$B$1:$D$32,3,FALSE),"") | N79: 0 | O79: 0 | P79: 0 | Q79: 0 | R79: 0 | S79: 0 | T79: 0 | U79: 0 | V79: 0 | W79: 0 | X79: 0 | Y79: 0 | Z79: =SUM(N79:Y79) -> 0 | AA79: 0 | AB79: 0 | AC79: 0 | AD79: 0 | AE79: 0 | AF79: 0 | AG79: 0 | AH79: 0 | AI79: 0 | AJ79: 0 | AK79: 0 | AL79: 0 | AM79: =SUM(AA79:AL79) -> 0 | AN79: =SUM(AB79:AM79) -> 0
